Workbook
Name Excel_BuiltIn__FilterDatabase: Proposta!$A$13:$N$15
Name Excel_BuiltIn__FilterDatabase: Referencial!$A$13:$N$15

Sheet Proposta
B2: ESTADO DE SANTA CATARINA
H4: PROPOSTA DAS LICITANTES
A5: Obra:
A6: Edital:
A7: Razão Social: | M7: Data: __ / __ / ____
A8: CNPJ:
A9: BDI Administração Local (%): | C9: BDI Diferenciado Referencial (%) : | D9: N/A
A10: BDI Referencial (%): | C10: BDI Diferenciado Referencial – Serviços Especializados (%) : | D10: N/A | M10: Porcentagem de materiais (%) | N10: Porcentagem de mão de obra (%)
M11: =SUM(M15:M702)/$O$706 -> #DIV/0! | N11: =SUM(N15:N702)/$O$706 -> #DIV/0!
A13: 01 - Serviços Iniciais
A14: Tabela de Origem | B14: Cód. Auxiliar | C14: Descrição do Serviço | D14: Unid. | E14: Quantidade | F14: Custo Unit. Material (R$) | G14: Custo Unit. MO (R$) | H14: Custo Unit. (R$) | I14: BDI(%) | J14: Preço unit MATERIAL (R$) | K14: Preço unit MO (R$) | L14: Preço Unit. (R$) | M14: Preço MATERIAL (R$) | N14: Preço MO(R$) | O14: Preço Total (R$) | P14: Verificação $+5% | Q14: Proposta x Referência
A15: SINAPI 05/24 | B15: 98459 | C15: TAPUME COM TELHA METÁLICA. AF_03/2024 | D15: M2 | E15: 57.26 | H15: =TRUNC(F15+G15,2) -> 0 | I15: =$B$10 -> 0 | J15: =F15+(I15/100*F15) -> 0 | K15: =G15+(I15/100*G15) -> 0 | L15: =TRUNC(J15+K15,2) -> 0 | M15: =IF((J15+K15),TRUNC((J15/(J15+K15)*O15),2),0) -> 0 | N15: =IF((J15+K15),TRUNC((K15/(J15+K15)*O15),2),0) -> 0 | O15: =TRUNC(L15*E15,2) -> 0 | P15: =IF(O15<=(Relatório!O4*1.05),"PREÇO VÁLIDO","PREÇO INVÁLIDO") -> PREÇO VÁLIDO | Q15: =(O15/Relatório!O4)-1 -> -1
A16: SINAPI 05/24 | B16: 99059 | C16: LOCAÇÃO CONVENCIONAL DE OBRA, UTILIZANDO GABARITO DE TÁBUAS CORRIDAS PONTALETADAS A CADA 2,00M - 2 UTILIZAÇÕES. AF_03/2024 | D16: M | E16: 89.9 | H16: =TRUNC(F16+G16,2) -> 0 | I16: =$B$10 -> 0 | J16: =F16+(I16/100*F16) -> 0 | K16: =G16+(I16/100*G16) -> 0 | L16: =TRUNC(J16+K16,2) -> 0 | M16: =IF((J16+K16),TRUNC((J16/(J16+K16)*O16),2),0) -> 0 | N16: =IF((J16+K16),TRUNC((K16/(J16+K16)*O16),2),0) -> 0 | O16: =TRUNC(L16*E16,2) -> 0 | P16: =IF(O16<=(Relatório!O5*1.05),"PREÇO VÁLIDO","PREÇO INVÁLIDO") -> PREÇO VÁLIDO | Q16: =(O16/Relatório!O5)-1 -> -1
A18: Total do Grupo**: | O18: =SUM(O15:O16) -> 0
A20: 02 - Infraestrutura
A21: 02.01 - FUNDAÇÕES
A22: Tabela de Origem | B22: Cód. Auxiliar | C22: Descrição do Serviço | D22: Unid. | E22: Quantidade | F22: Custo Unit. Material (R$) | G22: Custo Unit. MO (R$) | H22: Custo Unit. (R$) | I22: BDI(%) | J22: Preço unit MATERIAL (R$) | K22: Preço unit MO (R$) | L22: Preço Unit. (R$) | M22: Preço MATERIAL (R$) | N22: Preço MO(R$) | O22: Preço Total (R$) | P22: Verificação $+5% | Q22: Proposta x Referência
A23: SINAPI 05/24 | B23: 104920 | C23: ARMAÇÃO DE BLOCO, SAPATA ISOLADA, VIGA BALDRAME E SAPATA CORRIDA UTILIZANDO AÇO CA-50 DE 12,5 MM - MONTAGEM. AF_01/2024 | D23: KG | E23: 269.2 | H23: =TRUNC(F23+G23,2) -> 0 | I23: =$B$10 -> 0 | J23: =F23+(I23/100*F23) -> 0 | K23: =G23+(I23/100*G23) -> 0 | L23: =TRUNC(J23+K23,2) -> 0 | M23: =IF((J23+K23),TRUNC((J23/(J23+K23)*O23),2),0) -> 0 | N23: =IF((J23+K23),TRUNC((K23/(J23+K23)*O23),2),0) -> 0 | O23: =TRUNC(L23*E23,2) -> 0 | P23: =IF(O23<=(Relatório!O12*1.05),"PREÇO VÁLIDO","PREÇO INVÁLIDO") -> PREÇO VÁLIDO | Q23: =(O23/Relatório!O12)-1 -> -1
A24: SINAPI 05/24 | B24: 104921 | C24: ARMAÇÃO DE BLOCO, SAPATA ISOLADA, VIGA BALDRAME E SAPATA CORRIDA UTILIZANDO AÇO CA-50 DE 16 MM - MONTAGEM. AF_01/2024 | D24: KG | E24: 211.9 | H24: =TRUNC(F24+G24,2) -> 0 | I24: =$B$10 -> 0 | J24: =F24+(I24/100*F24) -> 0 | K24: =G24+(I24/100*G24) -> 0 | L24: =TRUNC(J24+K24,2) -> 0 | M24: =IF((J24+K24),TRUNC((J24/(J24+K24)*O24),2),0) -> 0 | N24: =IF((J24+K24),TRUNC((K24/(J24+K24)*O24),2),0) -> 0 | O24: =TRUNC(L24*E24,2) -> 0 | P24: =IF(O24<=(Relatório!O13*1.05),"PREÇO VÁLIDO","PREÇO INVÁLIDO") -> PREÇO VÁLIDO | Q24: =(O24/Relatório!O13)-1 -> -1
A25: SINAPI 05/24 | B25: 96557 | C25: CONCRETAGEM DE BLOCO DE COROAMENTO OU VIGA BALDRAME, FCK 30 MPA, COM USO DE BOMBA - LANÇAMENTO, ADENSAMENTO E ACABAMENTO. AF_01/2024 | D25: M3 | E25: 16 | H25: =TRUNC(F25+G25,2) -> 0 | I25: =$B$10 -> 0 | J25: =F25+(I25/100*F25) -> 0 | K25: =G25+(I25/100*G25) -> 0 | L25: =TRUNC(J25+K25,2) -> 0 | M25: =IF((J25+K25),TRUNC((J25/(J25+K25)*O25),2),0) -> 0 | N25: =IF((J25+K25),TRUNC((K25/(J25+K25)*O25),2),0) -> 0 | O25: =TRUNC(L25*E25,2) -> 0 | P25: =IF(O25<=(Relatório!O14*1.05),"PREÇO VÁLIDO","PREÇO INVÁLIDO") -> PREÇO VÁLIDO | Q25: =(O25/Relatório!O14)-1 -> -1
A26: SINAPI 05/24 | B26: 96521 | C26: ESCAVAÇÃO MECANIZADA PARA BLOCO DE COROAMENTO OU SAPATA COM RETROESCAVADEIRA (INCLUINDO ESCAVAÇÃO PARA COLOCAÇÃO DE FÔRMAS). AF_01/2024 | D26: M3 | E26: 72.2 | H26: =TRUNC(F26+G26,2) -> 0 | I26: =$B$10 -> 0 | J26: =F26+(I26/100*F26) -> 0 | K26: =G26+(I26/100*G26) -> 0 | L26: =TRUNC(J26+K26,2) -> 0 | M26: =IF((J26+K26),TRUNC((J26/(J26+K26)*O26),2),0) -> 0 | N26: =IF((J26+K26),TRUNC((K26/(J26+K26)*O26),2),0) -> 0 | O26: =TRUNC(L26*E26,2) -> 0 | P26: =IF(O26<=(Relatório!O15*1.05),"PREÇO VÁLIDO","PREÇO INVÁLIDO") -> PREÇO VÁLIDO | Q26: =(O26/Relatório!O15)-1 -> -1
A27: SINAPI 05/24 | B27: 97083 | C27: COMPACTAÇÃO MECÂNICA DE SOLO PARA EXECUÇÃO DE RADIER, PISO DE CONCRETO OU LAJE SOBRE SOLO, COM COMPACTADOR DE SOLOS A PERCUSSÃO. AF_09/2021 | D27: M2 | E27: 44.1 | H27: =TRUNC(F27+G27,2) -> 0 | I27: =$B$10 -> 0 | J27: =F27+(I27/100*F27) -> 0 | K27: =G27+(I27/100*G27) -> 0 | L27: =TRUNC(J27+K27,2) -> 0 | M27: =IF((J27+K27),TRUNC((J27/(J27+K27)*O27),2),0) -> 0 | N27: =IF((J27+K27),TRUNC((K27/(J27+K27)*O27),2),0) -> 0 | O27: =TRUNC(L27*E27,2) -> 0 | P27: =IF(O27<=(Relatório!O16*1.05),"PREÇO VÁLIDO","PREÇO INVÁLIDO") -> PREÇO VÁLIDO | Q27: =(O27/Relatório!O16)-1 -> -1
A28: SINAPI 05/24 | B28: 96617 | C28: LASTRO DE CONCRETO MAGRO, APLICADO EM BLOCOS DE COROAMENTO OU SAPATAS, ESPESSURA DE 3 CM. AF_01/2024 | D28: M2 | E28: 31.07 | H28: =TRUNC(F28+G28,2) -> 0 | I28: =$B$10 -> 0 | J28: =F28+(I28/100*F28) -> 0 | K28: =G28+(I28/100*G28) -> 0 | L28: =TRUNC(J28+K28,2) -> 0 | M28: =IF((J28+K28),TRUNC((J28/(J28+K28)*O28),2),0) -> 0 | N28: =IF((J28+K28),TRUNC((K28/(J28+K28)*O28),2),0) -> 0 | O28: =TRUNC(L28*E28,2) -> 0 | P28: =IF(O28<=(Relatório!O17*1.05),"PREÇO VÁLIDO","PREÇO INVÁLIDO") -> PREÇO VÁLIDO | Q28: =(O28/Relatório!O17)-1 -> -1
A29: SINAPI 05/24 | B29: 100978 | C29: CARGA, MANOBRA E DESCARGA DE SOLOS E MATERIAIS GRANULARES EM CAMINHÃO BASCULANTE 10 M³ - CARGA COM ESCAVADEIRA HIDRÁULICA (CAÇAMBA DE 1,20 M³ / 155 HP) E DESCARGA LIVRE (UNIDADE: M3). AF_07/2020 | D29: M3 | E29: 29.4 | H29: =TRUNC(F29+G29,2) -> 0 | I29: =$B$10 -> 0 | J29: =F29+(I29/100*F29) -> 0 | K29: =G29+(I29/100*G29) -> 0 | L29: =TRUNC(J29+K29,2) -> 0 | M29: =IF((J29+K29),TRUNC((J29/(J29+K29)*O29),2),0) -> 0 | N29: =IF((J29+K29),TRUNC((K29/(J29+K29)*O29),2),0) -> 0 | O29: =TRUNC(L29*E29,2) -> 0 | P29: =IF(O29<=(Relatório!O18*1.05),"PREÇO VÁLIDO","PREÇO INVÁLIDO") -> PREÇO VÁLIDO | Q29: =(O29/Relatório!O18)-1 -> -1
A30: SINAPI 05/24 | B30: 95875 | C30: TRANSPORTE COM CAMINHÃO BASCULANTE DE 10 M³, EM VIA URBANA PAVIMENTADA, DMT ATÉ 30 KM (UNIDADE: M3XKM). AF_07/2020 | D30: M3KM | E30: 882 | H30: =TRUNC(F30+G30,2) -> 0 | I30: =$B$10 -> 0 | J30: =F30+(I30/100*F30) -> 0 | K30: =G30+(I30/100*G30) -> 0 | L30: =TRUNC(J30+K30,2) -> 0 | M30: =IF((J30+K30),TRUNC((J30/(J30+K30)*O30),2),0) -> 0 | N30: =IF((J30+K30),TRUNC((K30/(J30+K30)*O30),2),0) -> 0 | O30: =TRUNC(L30*E30,2) -> 0 | P30: =IF(O30<=(Relatório!O19*1.05),"PREÇO VÁLIDO","PREÇO INVÁLIDO") -> PREÇO VÁLIDO | Q30: =(O30/Relatório!O19)-1 -> -1
A31: SINAPI 05/24 | B31: 93382 | C31: REATERRO MANUAL DE VALAS, COM COMPACTADOR DE SOLOS DE PERCUSSÃO. AF_08/2023 | D31: M3 | E31: 59.99 | H31: =TRUNC(F31+G31,2) -> 0 | I31: =$B$10 -> 0 | J31: =F31+(I31/100*F31) -> 0 | K31: =G31+(I31/100*G31) -> 0 | L31: =TRUNC(J31+K31,2) -> 0 | M31: =IF((J31+K31),TRUNC((J31/(J31+K31)*O31),2),0) -> 0 | N31: =IF((J31+K31),TRUNC((K31/(J31+K31)*O31),2),0) -> 0 | O31: =TRUNC(L31*E31,2) -> 0 | P31: =IF(O31<=(Relatório!O20*1.05),"PREÇO VÁLIDO","PREÇO INVÁLIDO") -> PREÇO VÁLIDO | Q31: =(O31/Relatório!O20)-1 -> -1
A32: SINAPI 05/24 | B32: 95601 | C32: ARRASAMENTO MECANICO DE ESTACA DE CONCRETO ARMADO, DIAMETROS DE ATÉ 40 CM. AF_05/2021 | D32: UN | E32: 43 | H32: =TRUNC(F32+G32,2) -> 0 | I32: =$B$10 -> 0 | J32: =F32+(I32/100*F32) -> 0 | K32: =G32+(I32/100*G32) -> 0 | L32: =TRUNC(J32+K32,2) -> 0 | M32: =IF((J32+K32),TRUNC((J32/(J32+K32)*O32),2),0) -> 0 | N32: =IF((J32+K32),TRUNC((K32/(J32+K32)*O32),2),0) -> 0 | O32: =TRUNC(L32*E32,2) -> 0 | P32: =IF(O32<=(Relatório!O21*1.05),"PREÇO VÁLIDO","PREÇO INVÁLIDO") -> PREÇO VÁLIDO | Q32: =(O32/Relatório!O21)-1 -> -1
A33: SINAPI 05/24 | B33: 96543 | C33: ARMAÇÃO DE BLOCO UTILIZANDO AÇO CA-60 DE 5 MM - MONTAGEM. AF_01/2024 | D33: KG | E33: 69.8 | H33: =TRUNC(F33+G33,2) -> 0 | I33: =$B$10 -> 0 | J33: =F33+(I33/100*F33) -> 0 | K33: =G33+(I33/100*G33) -> 0 | L33: =TRUNC(J33+K33,2) -> 0 | M33: =IF((J33+K33),TRUNC((J33/(J33+K33)*O33),2),0) -> 0 | N33: =IF((J33+K33),TRUNC((K33/(J33+K33)*O33),2),0) -> 0 | O33: =TRUNC(L33*E33,2) -> 0 | P33: =IF(O33<=(Relatório!O22*1.05),"PREÇO VÁLIDO","PREÇO INVÁLIDO") -> PREÇO VÁLIDO | Q33: =(O33/Relatório!O22)-1 -> -1
A34: SINAPI 05/24 | B34: 96544 | C34: ARMAÇÃO DE BLOCO UTILIZANDO AÇO CA-50 DE 6,3 MM - MONTAGEM. AF_01/2024 | D34: KG | E34: 42.3 | H34: =TRUNC(F34+G34,2) -> 0 | I34: =$B$10 -> 0 | J34: =F34+(I34/100*F34) -> 0 | K34: =G34+(I34/100*G34) -> 0 | L34: =TRUNC(J34+K34,2) -> 0 | M34: =IF((J34+K34),TRUNC((J34/(J34+K34)*O34),2),0) -> 0 | N34: =IF((J34+K34),TRUNC((K34/(J34+K34)*O34),2),0) -> 0 | O34: =TRUNC(L34*E34,2) -> 0 | P34: =IF(O34<=(Relatório!O23*1.05),"PREÇO VÁLIDO","PREÇO INVÁLIDO") -> PREÇO VÁLIDO | Q34: =(O34/Relatório!O23)-1 -> -1
... A36: SINAPI 05/24 | B36: 96546 | C36: ARMAÇÃO DE BLOCO UTILIZANDO AÇO CA-50 DE 10 MM - MONTAGEM. AF_01/2024 | D36: KG | E36: 241.5 | H36: =TRUNC(F36+G36,2) -> 0 | I36: =$B$10 -> 0 | J36: =F36+(I36/100*F36) -> 0 | K36: =G36+(I36/100*G36) -> 0 | L36: =TRUNC(J36+K36,2) -> 0 | M36: =IF((J36+K36),TRUNC((J36/(J36+K36)*O36),2),0) -> 0 | N36: =IF((J36+K36),TRUNC((K36/(J36+K36)*O36),2),0) -> 0 | O36: =TRUNC(L36*E36,2) -> 0 | P36: =IF(O36<=(Relatório!O25*1.05),"PREÇO VÁLIDO","PREÇO INVÁLIDO") -> PREÇO VÁLIDO | Q36: =(O36/Relatório!O25)-1 -> -1
A37: PRÓPRIA 12/23 | B37: CPU98858 | C37: COMP.1657 PróprioESTACA HÉLICE CONTÍNUA, DIÂMETRO DE 30 CM, INCLUSO CONCRETO FCK=30MPA COM BOMBEAMENTO E ARMADURA MÍNIMA (EXCLUSIVE MOBILIZAÇÃO E DESMOBILIZAÇÃO). | D37: M | E37: 559 | H37: =TRUNC(F37+G37,2) -> 0 | I37: =$B$10 -> 0 | J37: =F37+(I37/100*F37) -> 0 | K37: =G37+(I37/100*G37) -> 0 | L37: =TRUNC(J37+K37,2) -> 0 | M37: =IF((J37+K37),TRUNC((J37/(J37+K37)*O37),2),0) -> 0 | N37: =IF((J37+K37),TRUNC((K37/(J37+K37)*O37),2),0) -> 0 | O37: =TRUNC(L37*E37,2) -> 0 | P37: =IF(O37<=(Relatório!O26*1.05),"PREÇO VÁLIDO","PREÇO INVÁLIDO") -> PREÇO VÁLIDO | Q37: =(O37/Relatório!O26)-1 -> -1
A38: PRÓPRIA 12/23 | B38: CPU98427 | C38: COMP.1628 PróprioARMAÇÃO DE BLOCO, VIGA BALDRAME E SAPATA UTILIZANDO AÇO CA-60 DE 4.2 MM - MONTAGEM. | D38: KG | E38: 14.4 | H38: =TRUNC(F38+G38,2) -> 0 | I38: =$B$10 -> 0 | J38: =F38+(I38/100*F38) -> 0 | K38: =G38+(I38/100*G38) -> 0 | L38: =TRUNC(J38+K38,2) -> 0 | M38: =IF((J38+K38),TRUNC((J38/(J38+K38)*O38),2),0) -> 0 | N38: =IF((J38+K38),TRUNC((K38/(J38+K38)*O38),2),0) -> 0 | O38: =TRUNC(L38*E38,2) -> 0 | P38: =IF(O38<=(Relatório!O27*1.05),"PREÇO VÁLIDO","PREÇO INVÁLIDO") -> PREÇO VÁLIDO | Q38: =(O38/Relatório!O27)-1 -> -1
A39: PRÓPRIA 12/23 | B39: CPU98135 | C39: COMP.1655 PróprioMOBILIZAÇÃO E DESMOBILIZAÇÃO DE EQUIPAMENTOS PARA ESTACA HÉLICE CONTÍNUA | D39: UN | E39: 1 | H39: =TRUNC(F39+G39,2) -> 0 | I39: =$B$10 -> 0 | J39: =F39+(I39/100*F39) -> 0 | K39: =G39+(I39/100*G39) -> 0 | L39: =TRUNC(J39+K39,2) -> 0 | M39: =IF((J39+K39),TRUNC((J39/(J39+K39)*O39),2),0) -> 0 | N39: =IF((J39+K39),TRUNC((K39/(J39+K39)*O39),2),0) -> 0 | O39: =TRUNC(L39*E39,2) -> 0 | P39: =IF(O39<=(Relatório!O28*1.05),"PREÇO VÁLIDO","PREÇO INVÁLIDO") -> PREÇO VÁLIDO | Q39: =(O39/Relatório!O28)-1 -> -1
A40: SINAPI 05/24 | B40: 96534 | C40: FABRICAÇÃO, MONTAGEM E DESMONTAGEM DE FÔRMA PARA BLOCO DE COROAMENTO, EM MADEIRA SERRADA, E=25 MM, 4 UTILIZAÇÕES. AF_01/2024 | D40: M2 | E40: 93.6 | H40: =TRUNC(F40+G40,2) -> 0 | I40: =$B$10 -> 0 | J40: =F40+(I40/100*F40) -> 0 | K40: =G40+(I40/100*G40) -> 0 | L40: =TRUNC(J40+K40,2) -> 0 | M40: =IF((J40+K40),TRUNC((J40/(J40+K40)*O40),2),0) -> 0 | N40: =IF((J40+K40),TRUNC((K40/(J40+K40)*O40),2),0) -> 0 | O40: =TRUNC(L40*E40,2) -> 0 | P40: =IF(O40<=(Relatório!O29*1.05),"PREÇO VÁLIDO","PREÇO INVÁLIDO") -> PREÇO VÁLIDO | Q40: =(O40/Relatório!O29)-1 -> -1
A41: SINAPI 05/24 | B41: 95579 | C41: MONTAGEM DE ARMADURA DE ESTACAS, DIÂMETRO = 16,0 MM. AF_09/2021_PS | D41: KG | E41: 2646.9 | H41: =TRUNC(F41+G41,2) -> 0 | I41: =$B$10 -> 0 | J41: =F41+(I41/100*F41) -> 0 | K41: =G41+(I41/100*G41) -> 0 | L41: =TRUNC(J41+K41,2) -> 0 | M41: =IF((J41+K41),TRUNC((J41/(J41+K41)*O41),2),0) -> 0 | N41: =IF((J41+K41),TRUNC((K41/(J41+K41)*O41),2),0) -> 0 | O41: =TRUNC(L41*E41,2) -> 0 | P41: =IF(O41<=(Relatório!O30*1.05),"PREÇO VÁLIDO","PREÇO INVÁLIDO") -> PREÇO VÁLIDO | Q41: =(O41/Relatório!O30)-1 -> -1
A42: SINAPI 05/24 | B42: 95584 | C42: MONTAGEM DE ARMADURA TRANSVERSAL DE ESTACAS DE SEÇÃO CIRCULAR, DIÂMETRO = 6,30 MM. AF_09/2021_PS | D42: KG | E42: 240.3 | H42: =TRUNC(F42+G42,2) -> 0 | I42: =$B$10 -> 0 | J42: =F42+(I42/100*F42) -> 0 | K42: =G42+(I42/100*G42) -> 0 | L42: =TRUNC(J42+K42,2) -> 0 | M42: =IF((J42+K42),TRUNC((J42/(J42+K42)*O42),2),0) -> 0 | N42: =IF((J42+K42),TRUNC((K42/(J42+K42)*O42),2),0) -> 0 | O42: =TRUNC(L42*E42,2) -> 0 | P42: =IF(O42<=(Relatório!O31*1.05),"PREÇO VÁLIDO","PREÇO INVÁLIDO") -> PREÇO VÁLIDO | Q42: =(O42/Relatório!O31)-1 -> -1
A44: 02.02 - BALDRAMES
A45: Tabela de Origem | B45: Cód. Auxiliar | C45: Descrição do Serviço | D45: Unid. | E45: Quantidade | F45: Custo Unit. Material (R$) | G45: Custo Unit. MO (R$) | H45: Custo Unit. (R$) | I45: BDI(%) | J45: Preço unit MATERIAL (R$) | K45: Preço unit MO (R$) | L45: Preço Unit. (R$) | M45: Preço MATERIAL (R$) | N45: Preço MO(R$) | O45: Preço Total (R$) | P45: Verificação $+5% | Q45: Proposta x Referência
A46: SINAPI 05/24 | B46: 104916 | C46: ARMAÇÃO DE SAPATA ISOLADA, VIGA BALDRAME E SAPATA CORRIDA UTILIZANDO AÇO CA-60 DE 5 MM - MONTAGEM. AF_01/2024 | D46: KG | E46: 198.9 | H46: =TRUNC(F46+G46,2) -> 0 | I46: =$B$10 -> 0 | J46: =F46+(I46/100*F46) -> 0 | K46: =G46+(I46/100*G46) -> 0 | L46: =TRUNC(J46+K46,2) -> 0 | M46: =IF((J46+K46),TRUNC((J46/(J46+K46)*O46),2),0) -> 0 | N46: =IF((J46+K46),TRUNC((K46/(J46+K46)*O46),2),0) -> 0 | O46: =TRUNC(L46*E46,2) -> 0 | P46: =IF(O46<=(Relatório!O35*1.05),"PREÇO VÁLIDO","PREÇO INVÁLIDO") -> PREÇO VÁLIDO | Q46: =(O46/Relatório!O35)-1 -> -1
A47: SINAPI 05/24 | B47: 104917 | C47: ARMAÇÃO DE SAPATA ISOLADA, VIGA BALDRAME E SAPATA CORRIDA UTILIZANDO AÇO CA-50 DE 6,3 MM - MONTAGEM. AF_01/2024 | D47: KG | E47: 198.4 | H47: =TRUNC(F47+G47,2) -> 0 | I47: =$B$10 -> 0 | J47: =F47+(I47/100*F47) -> 0 | K47: =G47+(I47/100*G47) -> 0 | L47: =TRUNC(J47+K47,2) -> 0 | M47: =IF((J47+K47),TRUNC((J47/(J47+K47)*O47),2),0) -> 0 | N47: =IF((J47+K47),TRUNC((K47/(J47+K47)*O47),2),0) -> 0 | O47: =TRUNC(L47*E47,2) -> 0 | P47: =IF(O47<=(Relatório!O36*1.05),"PREÇO VÁLIDO","PREÇO INVÁLIDO") -> PREÇO VÁLIDO | Q47: =(O47/Relatório!O36)-1 -> -1
A48: SINAPI 05/24 | B48: 104918 | C48: ARMAÇÃO DE SAPATA ISOLADA, VIGA BALDRAME E SAPATA CORRIDA UTILIZANDO AÇO CA-50 DE 8 MM - MONTAGEM. AF_01/2024 | D48: KG | E48: 78.4 | H48: =TRUNC(F48+G48,2) -> 0 | I48: =$B$10 -> 0 | J48: =F48+(I48/100*F48) -> 0 | K48: =G48+(I48/100*G48) -> 0 | L48: =TRUNC(J48+K48,2) -> 0 | M48: =IF((J48+K48),TRUNC((J48/(J48+K48)*O48),2),0) -> 0 | N48: =IF((J48+K48),TRUNC((K48/(J48+K48)*O48),2),0) -> 0 | O48: =TRUNC(L48*E48,2) -> 0 | P48: =IF(O48<=(Relatório!O37*1.05),"PREÇO VÁLIDO","PREÇO INVÁLIDO") -> PREÇO VÁLIDO | Q48: =(O48/Relatório!O37)-1 -> -1
A49: SINAPI 05/24 | B49: 104919 | C49: ARMAÇÃO DE SAPATA ISOLADA, VIGA BALDRAME E SAPATA CORRIDA UTILIZANDO AÇO CA-50 DE 10 MM - MONTAGEM. AF_01/2024 | D49: KG | E49: 154.6 | H49: =TRUNC(F49+G49,2) -> 0 | I49: =$B$10 -> 0 | J49: =F49+(I49/100*F49) -> 0 | K49: =G49+(I49/100*G49) -> 0 | L49: =TRUNC(J49+K49,2) -> 0 | M49: =IF((J49+K49),TRUNC((J49/(J49+K49)*O49),2),0) -> 0 | N49: =IF((J49+K49),TRUNC((K49/(J49+K49)*O49),2),0) -> 0 | O49: =TRUNC(L49*E49,2) -> 0 | P49: =IF(O49<=(Relatório!O38*1.05),"PREÇO VÁLIDO","PREÇO INVÁLIDO") -> PREÇO VÁLIDO | Q49: =(O49/Relatório!O38)-1 -> -1
A50: SINAPI 05/24 | B50: 104920 | C50: ARMAÇÃO DE BLOCO, SAPATA ISOLADA, VIGA BALDRAME E SAPATA CORRIDA UTILIZANDO AÇO CA-50 DE 12,5 MM - MONTAGEM. AF_01/2024 | D50: KG | E50: 473.3 | H50: =TRUNC(F50+G50,2) -> 0 | I50: =$B$10 -> 0 | J50: =F50+(I50/100*F50) -> 0 | K50: =G50+(I50/100*G50) -> 0 | L50: =TRUNC(J50+K50,2) -> 0 | M50: =IF((J50+K50),TRUNC((J50/(J50+K50)*O50),2),0) -> 0 | N50: =IF((J50+K50),TRUNC((K50/(J50+K50)*O50),2),0) -> 0 | O50: =TRUNC(L50*E50,2) -> 0 | P50: =IF(O50<=(Relatório!O39*1.05),"PREÇO VÁLIDO","PREÇO INVÁLIDO") -> PREÇO VÁLIDO | Q50: =(O50/Relatório!O39)-1 -> -1
A51: SINAPI 05/24 | B51: 104921 | C51: ARMAÇÃO DE BLOCO, SAPATA ISOLADA, VIGA BALDRAME E SAPATA CORRIDA UTILIZANDO AÇO CA-50 DE 16 MM - MONTAGEM. AF_01/2024 | D51: KG | E51: 469.2 | H51: =TRUNC(F51+G51,2) -> 0 | I51: =$B$10 -> 0 | J51: =F51+(I51/100*F51) -> 0 | K51: =G51+(I51/100*G51) -> 0 | L51: =TRUNC(J51+K51,2) -> 0 | M51: =IF((J51+K51),TRUNC((J51/(J51+K51)*O51),2),0) -> 0 | N51: =IF((J51+K51),TRUNC((K51/(J51+K51)*O51),2),0) -> 0 | O51: =TRUNC(L51*E51,2) -> 0 | P51: =IF(O51<=(Relatório!O40*1.05),"PREÇO VÁLIDO","PREÇO INVÁLIDO") -> PREÇO VÁLIDO | Q51: =(O51/Relatório!O40)-1 -> -1
A52: SINAPI 05/24 | B52: 96536 | C52: FABRICAÇÃO, MONTAGEM E DESMONTAGEM DE FÔRMA PARA VIGA BALDRAME, EM MADEIRA SERRADA, E=25 MM, 4 UTILIZAÇÕES. AF_01/2024 | D52: M2 | E52: 208.5 | H52: =TRUNC(F52+G52,2) -> 0 | I52: =$B$10 -> 0 | J52: =F52+(I52/100*F52) -> 0 | K52: =G52+(I52/100*G52) -> 0 | L52: =TRUNC(J52+K52,2) -> 0 | M52: =IF((J52+K52),TRUNC((J52/(J52+K52)*O52),2),0) -> 0 | N52: =IF((J52+K52),TRUNC((K52/(J52+K52)*O52),2),0) -> 0 | O52: =TRUNC(L52*E52,2) -> 0 | P52: =IF(O52<=(Relatório!O41*1.05),"PREÇO VÁLIDO","PREÇO INVÁLIDO") -> PREÇO VÁLIDO | Q52: =(O52/Relatório!O41)-1 -> -1
A53: SINAPI 05/24 | B53: 96557 | C53: CONCRETAGEM DE BLOCO DE COROAMENTO OU VIGA BALDRAME, FCK 30 MPA, COM USO DE BOMBA - LANÇAMENTO, ADENSAMENTO E ACABAMENTO. AF_01/2024 | D53: M3 | E53: 17 | H53: =TRUNC(F53+G53,2) -> 0 | I53: =$B$10 -> 0 | J53: =F53+(I53/100*F53) -> 0 | K53: =G53+(I53/100*G53) -> 0 | L53: =TRUNC(J53+K53,2) -> 0 | M53: =IF((J53+K53),TRUNC((J53/(J53+K53)*O53),2),0) -> 0 | N53: =IF((J53+K53),TRUNC((K53/(J53+K53)*O53),2),0) -> 0 | O53: =TRUNC(L53*E53,2) -> 0 | P53: =IF(O53<=(Relatório!O42*1.05),"PREÇO VÁLIDO","PREÇO INVÁLIDO") -> PREÇO VÁLIDO | Q53: =(O53/Relatório!O42)-1 -> -1
A55: 02.03 - LAJES
A56: Tabela de Origem | B56: Cód. Auxiliar | C56: Descrição do Serviço | D56: Unid. | E56: Quantidade | F56: Custo Unit. Material (R$) | G56: Custo Unit. MO (R$) | H56: Custo Unit. (R$) | I56: BDI(%) | J56: Preço unit MATERIAL (R$) | K56: Preço unit MO (R$) | L56: Preço Unit. (R$) | M56: Preço MATERIAL (R$) | N56: Preço MO(R$) | O56: Preço Total (R$) | P56: Verificação $+5% | Q56: Proposta x Referência
A57: SINAPI 05/24 | B57: 92767 | C57: ARMAÇÃO DE LAJE DE ESTRUTURA CONVENCIONAL DE CONCRETO ARMADO UTILIZANDO AÇO CA-60 DE 4,2 MM - MONTAGEM. AF_06/2022 | D57: KG | E57: 339.7 | H57: =TRUNC(F57+G57,2) -> 0 | I57: =$B$10 -> 0 | J57: =F57+(I57/100*F57) -> 0 | K57: =G57+(I57/100*G57) -> 0 | L57: =TRUNC(J57+K57,2) -> 0 | M57: =IF((J57+K57),TRUNC((J57/(J57+K57)*O57),2),0) -> 0 | N57: =IF((J57+K57),TRUNC((K57/(J57+K57)*O57),2),0) -> 0 | O57: =TRUNC(L57*E57,2) -> 0 | P57: =IF(O57<=(Relatório!O46*1.05),"PREÇO VÁLIDO","PREÇO INVÁLIDO") -> PREÇO VÁLIDO | Q57: =(O57/Relatório!O46)-1 -> -1
A58: SINAPI 05/24 | B58: 92769 | C58: ARMAÇÃO DE LAJE DE ESTRUTURA CONVENCIONAL DE CONCRETO ARMADO UTILIZANDO AÇO CA-50 DE 6,3 MM - MONTAGEM. AF_06/2022 | D58: KG | E58: 41.2 | H58: =TRUNC(F58+G58,2) -> 0 | I58: =$B$10 -> 0 | J58: =F58+(I58/100*F58) -> 0 | K58: =G58+(I58/100*G58) -> 0 | L58: =TRUNC(J58+K58,2) -> 0 | M58: =IF((J58+K58),TRUNC((J58/(J58+K58)*O58),2),0) -> 0 | N58: =IF((J58+K58),TRUNC((K58/(J58+K58)*O58),2),0) -> 0 | O58: =TRUNC(L58*E58,2) -> 0 | P58: =IF(O58<=(Relatório!O47*1.05),"PREÇO VÁLIDO","PREÇO INVÁLIDO") -> PREÇO VÁLIDO | Q58: =(O58/Relatório!O47)-1 -> -1
A59: SINAPI 05/24 | B59: 92770 | C59: ARMAÇÃO DE LAJE DE ESTRUTURA CONVENCIONAL DE CONCRETO ARMADO UTILIZANDO AÇO CA-50 DE 8,0 MM - MONTAGEM. AF_06/2022 | D59: KG | E59: 35.6 | H59: =TRUNC(F59+G59,2) -> 0 | I59: =$B$10 -> 0 | J59: =F59+(I59/100*F59) -> 0 | K59: =G59+(I59/100*G59) -> 0 | L59: =TRUNC(J59+K59,2) -> 0 | M59: =IF((J59+K59),TRUNC((J59/(J59+K59)*O59),2),0) -> 0 | N59: =IF((J59+K59),TRUNC((K59/(J59+K59)*O59),2),0) -> 0 | O59: =TRUNC(L59*E59,2) -> 0 | P59: =IF(O59<=(Relatório!O48*1.05),"PREÇO VÁLIDO","PREÇO INVÁLIDO") -> PREÇO VÁLIDO | Q59: =(O59/Relatório!O48)-1 -> -1
A60: SINAPI 05/24 | B60: 92771 | C60: ARMAÇÃO DE LAJE DE ESTRUTURA CONVENCIONAL DE CONCRETO ARMADO UTILIZANDO AÇO CA-50 DE 10,0 MM - MONTAGEM. AF_06/2022 | D60: KG | E60: 81.6 | H60: =TRUNC(F60+G60,2) -> 0 | I60: =$B$10 -> 0 | J60: =F60+(I60/100*F60) -> 0 | K60: =G60+(I60/100*G60) -> 0 | L60: =TRUNC(J60+K60,2) -> 0 | M60: =IF((J60+K60),TRUNC((J60/(J60+K60)*O60),2),0) -> 0 | N60: =IF((J60+K60),TRUNC((K60/(J60+K60)*O60),2),0) -> 0 | O60: =TRUNC(L60*E60,2) -> 0 | P60: =IF(O60<=(Relatório!O49*1.05),"PREÇO VÁLIDO","PREÇO INVÁLIDO") -> PREÇO VÁLIDO | Q60: =(O60/Relatório!O49)-1 -> -1
A61: PRÓPRIA 12/23 | B61: CPU98154 | C61: COMP.494 PróprioCONCRETAGEM DE VIGAS E LAJES, FCK=30 MPA, PARA LAJES MACIÇAS OU NERVURADAS, LANÇAMENTO, ADENSAMENTO E ACABAMENTO. AF_12/2015 | D61: M3 | E61: 26.3 | H61: =TRUNC(F61+G61,2) -> 0 | I61: =$B$10 -> 0 | J61: =F61+(I61/100*F61) -> 0 | K61: =G61+(I61/100*G61) -> 0 | L61: =TRUNC(J61+K61,2) -> 0 | M61: =IF((J61+K61),TRUNC((J61/(J61+K61)*O61),2),0) -> 0 | N61: =IF((J61+K61),TRUNC((K61/(J61+K61)*O61),2),0) -> 0 | O61: =TRUNC(L61*E61,2) -> 0 | P61: =IF(O61<=(Relatório!O50*1.05),"PREÇO VÁLIDO","PREÇO INVÁLIDO") -> PREÇO VÁLIDO | Q61: =(O61/Relatório!O50)-1 -> -1
A62: PRÓPRIA 12/23 | B62: CPU98450 | C62: COMP.1400 PróprioLAJE PRÉ-MOLDADA TRELIÇADA COM ENCHIMENTO DE EPS H=8 CM COM ESCORAMENTO, MATERIAL E MÃO DE OBRA - EXCLUSIVE CAPEAMENTO | D62: M2 | E62: 126.65 | H62: =TRUNC(F62+G62,2) -> 0 | I62: =$B$10 -> 0 | J62: =F62+(I62/100*F62) -> 0 | K62: =G62+(I62/100*G62) -> 0 | L62: =TRUNC(J62+K62,2) -> 0 | M62: =IF((J62+K62),TRUNC((J62/(J62+K62)*O62),2),0) -> 0 | N62: =IF((J62+K62),TRUNC((K62/(J62+K62)*O62),2),0) -> 0 | O62: =TRUNC(L62*E62,2) -> 0 | P62: =IF(O62<=(Relatório!O51*1.05),"PREÇO VÁLIDO","PREÇO INVÁLIDO") -> PREÇO VÁLIDO | Q62: =(O62/Relatório!O51)-1 -> -1
A63: PRÓPRIA 12/23 | B63: CPU98452 | C63: COMP.1453 PróprioLAJE PRÉ-MOLDADA TRELIÇADA COM ENCHIMENTO DE EPS H=25 CM, COM ESCORAMENTO, MATERIAL E MÃO DE OBRA - EXCLUSIVE CAPEAMENTO | D63: M2 | E63: 120.67 | H63: =TRUNC(F63+G63,2) -> 0 | I63: =$B$10 -> 0 | J63: =F63+(I63/100*F63) -> 0 | K63: =G63+(I63/100*G63) -> 0 | L63: =TRUNC(J63+K63,2) -> 0 | M63: =IF((J63+K63),TRUNC((J63/(J63+K63)*O63),2),0) -> 0 | N63: =IF((J63+K63),TRUNC((K63/(J63+K63)*O63),2),0) -> 0 | O63: =TRUNC(L63*E63,2) -> 0 | P63: =IF(O63<=(Relatório!O52*1.05),"PREÇO VÁLIDO","PREÇO INVÁLIDO") -> PREÇO VÁLIDO | Q63: =(O63/Relatório!O52)-1 -> -1
A64: PRÓPRIA 02/24 | B64: CPU101799 | C64: COMP.1402 - LAJE PRÉ-MOLDADA TRELIÇADA COM ENCHIMENTO DE EPS H=16 CM, COM ESCORAMENTO, MATERIAL E MÃO DE OBRA - EXCLUSIVE CAPEAMENTO | D64: M2 | E64: 35.83 | H64: =TRUNC(F64+G64,2) -> 0 | I64: =$B$10 -> 0 | J64: =F64+(I64/100*F64) -> 0 | K64: =G64+(I64/100*G64) -> 0 | L64: =TRUNC(J64+K64,2) -> 0 | M64: =IF((J64+K64),TRUNC((J64/(J64+K64)*O64),2),0) -> 0 | N64: =IF((J64+K64),TRUNC((K64/(J64+K64)*O64),2),0) -> 0 | O64: =TRUNC(L64*E64,2) -> 0 | P64: =IF(O64<=(Relatório!O53*1.05),"PREÇO VÁLIDO","PREÇO INVÁLIDO") -> PREÇO VÁLIDO | Q64: =(O64/Relatório!O53)-1 -> -1
A66: Total do Grupo**: | O66: =SUM(O23:O64) -> 0
A68: 03 - Supraestrutura
A69: 03.01 - SUPERIOR (TETO TÉRREO)
A70: 03.01.01 - PILARES
A71: Tabela de Origem | B71: Cód. Auxiliar | C71: Descrição do Serviço | D71: Unid. | E71: Quantidade | F71: Custo Unit. Material (R$) | G71: Custo Unit. MO (R$) | H71: Custo Unit. (R$) | I71: BDI(%) | J71: Preço unit MATERIAL (R$) | K71: Preço unit MO (R$) | L71: Preço Unit. (R$) | M71: Preço MATERIAL (R$) | N71: Preço MO(R$) | O71: Preço Total (R$) | P71: Verificação $+5% | Q71: Proposta x Referência
A72: SINAPI 05/24 | B72: 92413 | C72: MONTAGEM E DESMONTAGEM DE FÔRMA DE PILARES RETANGULARES E ESTRUTURAS SIMILARES, PÉ-DIREITO SIMPLES, EM MADEIRA SERRADA, 4 UTILIZAÇÕES. AF_09/2020 | D72: M2 | E72: 99 | H72: =TRUNC(F72+G72,2) -> 0 | I72: =$B$10 -> 0 | J72: =F72+(I72/100*F72) -> 0 | K72: =G72+(I72/100*G72) -> 0 | L72: =TRUNC(J72+K72,2) -> 0 | M72: =IF((J72+K72),TRUNC((J72/(J72+K72)*O72),2),0) -> 0 | N72: =IF((J72+K72),TRUNC((K72/(J72+K72)*O72),2),0) -> 0 | O72: =TRUNC(L72*E72,2) -> 0 | P72: =IF(O72<=(Relatório!O61*1.05),"PREÇO VÁLIDO","PREÇO INVÁLIDO") -> PREÇO VÁLIDO | Q72: =(O72/Relatório!O61)-1 -> -1
A73: SINAPI 05/24 | B73: 92759 | C73: ARMAÇÃO DE PILAR OU VIGA DE ESTRUTURA CONVENCIONAL DE CONCRETO ARMADO UTILIZANDO AÇO CA-60 DE 5,0 MM - MONTAGEM. AF_06/2022 | D73: KG | E73: 136.2 | H73: =TRUNC(F73+G73,2) -> 0 | I73: =$B$10 -> 0 | J73: =F73+(I73/100*F73) -> 0 | K73: =G73+(I73/100*G73) -> 0 | L73: =TRUNC(J73+K73,2) -> 0 | M73: =IF((J73+K73),TRUNC((J73/(J73+K73)*O73),2),0) -> 0 | N73: =IF((J73+K73),TRUNC((K73/(J73+K73)*O73),2),0) -> 0 | O73: =TRUNC(L73*E73,2) -> 0 | P73: =IF(O73<=(Relatório!O62*1.05),"PREÇO VÁLIDO","PREÇO INVÁLIDO") -> PREÇO VÁLIDO | Q73: =(O73/Relatório!O62)-1 -> -1
A74: SINAPI 05/24 | B74: 92762 | C74: ARMAÇÃO DE PILAR OU VIGA DE ESTRUTURA CONVENCIONAL DE CONCRETO ARMADO UTILIZANDO AÇO CA-50 DE 10,0 MM - MONTAGEM. AF_06/2022 | D74: KG | E74: 67.1 | H74: =TRUNC(F74+G74,2) -> 0 | I74: =$B$10 -> 0 | J74: =F74+(I74/100*F74) -> 0 | K74: =G74+(I74/100*G74) -> 0 | L74: =TRUNC(J74+K74,2) -> 0 | M74: =IF((J74+K74),TRUNC((J74/(J74+K74)*O74),2),0) -> 0 | N74: =IF((J74+K74),TRUNC((K74/(J74+K74)*O74),2),0) -> 0 | O74: =TRUNC(L74*E74,2) -> 0 | P74: =IF(O74<=(Relatório!O63*1.05),"PREÇO VÁLIDO","PREÇO INVÁLIDO") -> PREÇO VÁLIDO | Q74: =(O74/Relatório!O63)-1 -> -1
A75: SINAPI 05/24 | B75: 92763 | C75: ARMAÇÃO DE PILAR OU VIGA DE ESTRUTURA CONVENCIONAL DE CONCRETO ARMADO UTILIZANDO AÇO CA-50 DE 12,5 MM - MONTAGEM. AF_06/2022 | D75: KG | E75: 561.3 | H75: =TRUNC(F75+G75,2) -> 0 | I75: =$B$10 -> 0 | J75: =F75+(I75/100*F75) -> 0 | K75: =G75+(I75/100*G75) -> 0 | L75: =TRUNC(J75+K75,2) -> 0 | M75: =IF((J75+K75),TRUNC((J75/(J75+K75)*O75),2),0) -> 0 | N75: =IF((J75+K75),TRUNC((K75/(J75+K75)*O75),2),0) -> 0 | O75: =TRUNC(L75*E75,2) -> 0 | P75: =IF(O75<=(Relatório!O64*1.05),"PREÇO VÁLIDO","PREÇO INVÁLIDO") -> PREÇO VÁLIDO | Q75: =(O75/Relatório!O64)-1 -> -1
A76: PRÓPRIA 12/23 | B76: CPU98150 | C76: COMP.493 PróprioCONCRETAGEM DE PILARES, FCK = 30 MPA, COM USO DE BOMBA EM EDIFICAÇÃO COM SEÇÃO MÉDIA DE PILARES MENOR OU IGUAL A 0,25 M² - LANÇAMENTO, ADENSAMENTO E ACABAMENTO. AF_12/2015 | D76: M3 | E76: 6.2 | H76: =TRUNC(F76+G76,2) -> 0 | I76: =$B$10 -> 0 | J76: =F76+(I76/100*F76) -> 0 | K76: =G76+(I76/100*G76) -> 0 | L76: =TRUNC(J76+K76,2) -> 0 | M76: =IF((J76+K76),TRUNC((J76/(J76+K76)*O76),2),0) -> 0 | N76: =IF((J76+K76),TRUNC((K76/(J76+K76)*O76),2),0) -> 0 | O76: =TRUNC(L76*E76,2) -> 0 | P76: =IF(O76<=(Relatório!O65*1.05),"PREÇO VÁLIDO","PREÇO INVÁLIDO") -> PREÇO VÁLIDO | Q76: =(O76/Relatório!O65)-1 -> -1
A78: 03.01.02 - VIGAS
A79: Tabela de Origem | B79: Cód. Auxiliar | C79: Descrição do Serviço | D79: Unid. | E79: Quantidade | F79: Custo Unit. Material (R$) | G79: Custo Unit. MO (R$) | H79: Custo Unit. (R$) | I79: BDI(%) | J79: Preço unit MATERIAL (R$) | K79: Preço unit MO (R$) | L79: Preço Unit. (R$) | M79: Preço MATERIAL (R$) | N79: Preço MO(R$) | O79: Preço Total (R$) | P79: Verificação $+5% | Q79: Proposta x Referência
A80: PRÓPRIA 12/23 | B80: CPU98154 | C80: COMP.494 PróprioCONCRETAGEM DE VIGAS E LAJES, FCK=30 MPA, PARA LAJES MACIÇAS OU NERVURADAS, LANÇAMENTO, ADENSAMENTO E ACABAMENTO. AF_12/2015 | D80: M3 | E80: 10.8 | H80: =TRUNC(F80+G80,2) -> 0 | I80: =$B$10 -> 0 | J80: =F80+(I80/100*F80) -> 0 | K80: =G80+(I80/100*G80) -> 0 | L80: =TRUNC(J80+K80,2) -> 0 | M80: =IF((J80+K80),TRUNC((J80/(J80+K80)*O80),2),0) -> 0 | N80: =IF((J80+K80),TRUNC((K80/(J80+K80)*O80),2),0) -> 0 | O80: =TRUNC(L80*E80,2) -> 0 | P80: =IF(O80<=(Relatório!O69*1.05),"PREÇO VÁLIDO","PREÇO INVÁLIDO") -> PREÇO VÁLIDO | Q80: =(O80/Relatório!O69)-1 -> -1
A81: SINAPI 05/24 | B81: 92448 | C81: MONTAGEM E DESMONTAGEM DE FÔRMA DE VIGA, ESCORAMENTO COM PONTALETE DE MADEIRA, PÉ-DIREITO SIMPLES, EM MADEIRA SERRADA, 4 UTILIZAÇÕES. AF_09/2020 | D81: M2 | E81: 135.9 | H81: =TRUNC(F81+G81,2) -> 0 | I81: =$B$10 -> 0 | J81: =F81+(I81/100*F81) -> 0 | K81: =G81+(I81/100*G81) -> 0 | L81: =TRUNC(J81+K81,2) -> 0 | M81: =IF((J81+K81),TRUNC((J81/(J81+K81)*O81),2),0) -> 0 | N81: =IF((J81+K81),TRUNC((K81/(J81+K81)*O81),2),0) -> 0 | O81: =TRUNC(L81*E81,2) -> 0 | P81: =IF(O81<=(Relatório!O70*1.05),"PREÇO VÁLIDO","PREÇO INVÁLIDO") -> PREÇO VÁLIDO | Q81: =(O81/Relatório!O70)-1 -> -1
A82: SINAPI 05/24 | B82: 92759 | C82: ARMAÇÃO DE PILAR OU VIGA DE ESTRUTURA CONVENCIONAL DE CONCRETO ARMADO UTILIZANDO AÇO CA-60 DE 5,0 MM - MONTAGEM. AF_06/2022 | D82: KG | E82: 135.4 | H82: =TRUNC(F82+G82,2) -> 0 | I82: =$B$10 -> 0 | J82: =F82+(I82/100*F82) -> 0 | K82: =G82+(I82/100*G82) -> 0 | L82: =TRUNC(J82+K82,2) -> 0 | M82: =IF((J82+K82),TRUNC((J82/(J82+K82)*O82),2),0) -> 0 | N82: =IF((J82+K82),TRUNC((K82/(J82+K82)*O82),2),0) -> 0 | O82: =TRUNC(L82*E82,2) -> 0 | P82: =IF(O82<=(Relatório!O71*1.05),"PREÇO VÁLIDO","PREÇO INVÁLIDO") -> PREÇO VÁLIDO | Q82: =(O82/Relatório!O71)-1 -> -1
A83: SINAPI 05/24 | B83: 92760 | C83: ARMAÇÃO DE PILAR OU VIGA DE ESTRUTURA CONVENCIONAL DE CONCRETO ARMADO UTILIZANDO AÇO CA-50 DE 6,3 MM - MONTAGEM. AF_06/2022 | D83: KG | E83: 41.2 | H83: =TRUNC(F83+G83,2) -> 0 | I83: =$B$10 -> 0 | J83: =F83+(I83/100*F83) -> 0 | K83: =G83+(I83/100*G83) -> 0 | L83: =TRUNC(J83+K83,2) -> 0 | M83: =IF((J83+K83),TRUNC((J83/(J83+K83)*O83),2),0) -> 0 | N83: =IF((J83+K83),TRUNC((K83/(J83+K83)*O83),2),0) -> 0 | O83: =TRUNC(L83*E83,2) -> 0 | P83: =IF(O83<=(Relatório!O72*1.05),"PREÇO VÁLIDO","PREÇO INVÁLIDO") -> PREÇO VÁLIDO | Q83: =(O83/Relatório!O72)-1 -> -1
A84: SINAPI 05/24 | B84: 92761 | C84: ARMAÇÃO DE PILAR OU VIGA DE ESTRUTURA CONVENCIONAL DE CONCRETO ARMADO UTILIZANDO AÇO CA-50 DE 8,0 MM - MONTAGEM. AF_06/2022 | D84: KG | E84: 15 | H84: =TRUNC(F84+G84,2) -> 0 | I84: =$B$10 -> 0 | J84: =F84+(I84/100*F84) -> 0 | K84: =G84+(I84/100*G84) -> 0 | L84: =TRUNC(J84+K84,2) -> 0 | M84: =IF((J84+K84),TRUNC((J84/(J84+K84)*O84),2),0) -> 0 | N84: =IF((J84+K84),TRUNC((K84/(J84+K84)*O84),2),0) -> 0 | O84: =TRUNC(L84*E84,2) -> 0 | P84: =IF(O84<=(Relatório!O73*1.05),"PREÇO VÁLIDO","PREÇO INVÁLIDO") -> PREÇO VÁLIDO | Q84: =(O84/Relatório!O73)-1 -> -1
A85: SINAPI 05/24 | B85: 92762 | C85: ARMAÇÃO DE PILAR OU VIGA DE ESTRUTURA CONVENCIONAL DE CONCRETO ARMADO UTILIZANDO AÇO CA-50 DE 10,0 MM - MONTAGEM. AF_06/2022 | D85: KG | E85: 45.1 | H85: =TRUNC(F85+G85,2) -> 0 | I85: =$B$10 -> 0 | J85: =F85+(I85/100*F85) -> 0 | K85: =G85+(I85/100*G85) -> 0 | L85: =TRUNC(J85+K85,2) -> 0 | M85: =IF((J85+K85),TRUNC((J85/(J85+K85)*O85),2),0) -> 0 | N85: =IF((J85+K85),TRUNC((K85/(J85+K85)*O85),2),0) -> 0 | O85: =TRUNC(L85*E85,2) -> 0 | P85: =IF(O85<=(Relatório!O74*1.05),"PREÇO VÁLIDO","PREÇO INVÁLIDO") -> PREÇO VÁLIDO | Q85: =(O85/Relatório!O74)-1 -> -1
A86: SINAPI 05/24 | B86: 92763 | C86: ARMAÇÃO DE PILAR OU VIGA DE ESTRUTURA CONVENCIONAL DE CONCRETO ARMADO UTILIZANDO AÇO CA-50 DE 12,5 MM - MONTAGEM. AF_06/2022 | D86: KG | E86: 509.5 | H86: =TRUNC(F86+G86,2) -> 0 | I86: =$B$10 -> 0 | J86: =F86+(I86/100*F86) -> 0 | K86: =G86+(I86/100*G86) -> 0 | L86: =TRUNC(J86+K86,2) -> 0 | M86: =IF((J86+K86),TRUNC((J86/(J86+K86)*O86),2),0) -> 0 | N86: =IF((J86+K86),TRUNC((K86/(J86+K86)*O86),2),0) -> 0 | O86: =TRUNC(L86*E86,2) -> 0 | P86: =IF(O86<=(Relatório!O75*1.05),"PREÇO VÁLIDO","PREÇO INVÁLIDO") -> PREÇO VÁLIDO | Q86: =(O86/Relatório!O75)-1 -> -1
A87: SINAPI 05/24 | B87: 92764 | C87: ARMAÇÃO DE PILAR OU VIGA DE ESTRUTURA CONVENCIONAL DE CONCRETO ARMADO UTILIZANDO AÇO CA-50 DE 16,0 MM - MONTAGEM. AF_06/2022 | D87: KG | E87: 403.7 | H87: =TRUNC(F87+G87,2) -> 0 | I87: =$B$10 -> 0 | J87: =F87+(I87/100*F87) -> 0 | K87: =G87+(I87/100*G87) -> 0 | L87: =TRUNC(J87+K87,2) -> 0 | M87: =IF((J87+K87),TRUNC((J87/(J87+K87)*O87),2),0) -> 0 | N87: =IF((J87+K87),TRUNC((K87/(J87+K87)*O87),2),0) -> 0 | O87: =TRUNC(L87*E87,2) -> 0 | P87: =IF(O87<=(Relatório!O76*1.05),"PREÇO VÁLIDO","PREÇO INVÁLIDO") -> PREÇO VÁLIDO | Q87: =(O87/Relatório!O76)-1 -> -1
A89: 03.01.03 - LAJES
A90: Tabela de Origem | B90: Cód. Auxiliar | C90: Descrição do Serviço | D90: Unid. | E90: Quantidade | F90: Custo Unit. Material (R$) | G90: Custo Unit. MO (R$) | H90: Custo Unit. (R$) | I90: BDI(%) | J90: Preço unit MATERIAL (R$) | K90: Preço unit MO (R$) | L90: Preço Unit. (R$) | M90: Preço MATERIAL (R$) | N90: Preço MO(R$) | O90: Preço Total (R$) | P90: Verificação $+5% | Q90: Proposta x Referência
A91: SINAPI 05/24 | B91: 92767 | C91: ARMAÇÃO DE LAJE DE ESTRUTURA CONVENCIONAL DE CONCRETO ARMADO UTILIZANDO AÇO CA-60 DE 4,2 MM - MONTAGEM. AF_06/2022 | D91: KG | E91: 223.9 | H91: =TRUNC(F91+G91,2) -> 0 | I91: =$B$10 -> 0 | J91: =F91+(I91/100*F91) -> 0 | K91: =G91+(I91/100*G91) -> 0 | L91: =TRUNC(J91+K91,2) -> 0 | M91: =IF((J91+K91),TRUNC((J91/(J91+K91)*O91),2),0) -> 0 | N91: =IF((J91+K91),TRUNC((K91/(J91+K91)*O91),2),0) -> 0 | O91: =TRUNC(L91*E91,2) -> 0 | P91: =IF(O91<=(Relatório!O80*1.05),"PREÇO VÁLIDO","PREÇO INVÁLIDO") -> PREÇO VÁLIDO | Q91: =(O91/Relatório!O80)-1 -> -1
A92: SINAPI 05/24 | B92: 92770 | C92: ARMAÇÃO DE LAJE DE ESTRUTURA CONVENCIONAL DE CONCRETO ARMADO UTILIZANDO AÇO CA-50 DE 8,0 MM - MONTAGEM. AF_06/2022 | D92: KG | E92: 102.8 | H92: =TRUNC(F92+G92,2) -> 0 | I92: =$B$10 -> 0 | J92: =F92+(I92/100*F92) -> 0 | K92: =G92+(I92/100*G92) -> 0 | L92: =TRUNC(J92+K92,2) -> 0 | M92: =IF((J92+K92),TRUNC((J92/(J92+K92)*O92),2),0) -> 0 | N92: =IF((J92+K92),TRUNC((K92/(J92+K92)*O92),2),0) -> 0 | O92: =TRUNC(L92*E92,2) -> 0 | P92: =IF(O92<=(Relatório!O81*1.05),"PREÇO VÁLIDO","PREÇO INVÁLIDO") -> PREÇO VÁLIDO | Q92: =(O92/Relatório!O81)-1 -> -1
A93: SINAPI 05/24 | B93: 92771 | C93: ARMAÇÃO DE LAJE DE ESTRUTURA CONVENCIONAL DE CONCRETO ARMADO UTILIZANDO AÇO CA-50 DE 10,0 MM - MONTAGEM. AF_06/2022 | D93: KG | E93: 81.7 | H93: =TRUNC(F93+G93,2) -> 0 | I93: =$B$10 -> 0 | J93: =F93+(I93/100*F93) -> 0 | K93: =G93+(I93/100*G93) -> 0 | L93: =TRUNC(J93+K93,2) -> 0 | M93: =IF((J93+K93),TRUNC((J93/(J93+K93)*O93),2),0) -> 0 | N93: =IF((J93+K93),TRUNC((K93/(J93+K93)*O93),2),0) -> 0 | O93: =TRUNC(L93*E93,2) -> 0 | P93: =IF(O93<=(Relatório!O82*1.05),"PREÇO VÁLIDO","PREÇO INVÁLIDO") -> PREÇO VÁLIDO | Q93: =(O93/Relatório!O82)-1 -> -1
A94: PRÓPRIA 12/23 | B94: CPU98150 | C94: COMP.493 PróprioCONCRETAGEM DE PILARES, FCK = 30 MPA, COM USO DE BOMBA EM EDIFICAÇÃO COM SEÇÃO MÉDIA DE PILARES MENOR OU IGUAL A 0,25 M² - LANÇAMENTO, ADENSAMENTO E ACABAMENTO. AF_12/2015 | D94: M3 | E94: 20.4 | H94: =TRUNC(F94+G94,2) -> 0 | I94: =$B$10 -> 0 | J94: =F94+(I94/100*F94) -> 0 | K94: =G94+(I94/100*G94) -> 0 | L94: =TRUNC(J94+K94,2) -> 0 | M94: =IF((J94+K94),TRUNC((J94/(J94+K94)*O94),2),0) -> 0 | N94: =IF((J94+K94),TRUNC((K94/(J94+K94)*O94),2),0) -> 0 | O94: =TRUNC(L94*E94,2) -> 0 | P94: =IF(O94<=(Relatório!O83*1.05),"PREÇO VÁLIDO","PREÇO INVÁLIDO") -> PREÇO VÁLIDO | Q94: =(O94/Relatório!O83)-1 -> -1
A95: PRÓPRIA 12/23 | B95: CPU98450 | C95: COMP.1400 PróprioLAJE PRÉ-MOLDADA TRELIÇADA COM ENCHIMENTO DE EPS H=8 CM COM ESCORAMENTO, MATERIAL E MÃO DE OBRA - EXCLUSIVE CAPEAMENTO | D95: M2 | E95: 53.87 | H95: =TRUNC(F95+G95,2) -> 0 | I95: =$B$10 -> 0 | J95: =F95+(I95/100*F95) -> 0 | K95: =G95+(I95/100*G95) -> 0 | L95: =TRUNC(J95+K95,2) -> 0 | M95: =IF((J95+K95),TRUNC((J95/(J95+K95)*O95),2),0) -> 0 | N95: =IF((J95+K95),TRUNC((K95/(J95+K95)*O95),2),0) -> 0 | O95: =TRUNC(L95*E95,2) -> 0 | P95: =IF(O95<=(Relatório!O84*1.05),"PREÇO VÁLIDO","PREÇO INVÁLIDO") -> PREÇO VÁLIDO | Q95: =(O95/Relatório!O84)-1 -> -1
A96: PRÓPRIA 02/24 | B96: CPU101799 | C96: COMP.1402 - LAJE PRÉ-MOLDADA TRELIÇADA COM ENCHIMENTO DE EPS H=16 CM, COM ESCORAMENTO, MATERIAL E MÃO DE OBRA - EXCLUSIVE CAPEAMENTO | D96: M2 | E96: 36.31 | H96: =TRUNC(F96+G96,2) -> 0 | I96: =$B$10 -> 0 | J96: =F96+(I96/100*F96) -> 0 | K96: =G96+(I96/100*G96) -> 0 | L96: =TRUNC(J96+K96,2) -> 0 | M96: =IF((J96+K96),TRUNC((J96/(J96+K96)*O96),2),0) -> 0 | N96: =IF((J96+K96),TRUNC((K96/(J96+K96)*O96),2),0) -> 0 | O96: =TRUNC(L96*E96,2) -> 0 | P96: =IF(O96<=(Relatório!O85*1.05),"PREÇO VÁLIDO","PREÇO INVÁLIDO") -> PREÇO VÁLIDO | Q96: =(O96/Relatório!O85)-1 -> -1
A97: PRÓPRIA 12/23 | B97: CPU98452 | C97: COMP.1453 PróprioLAJE PRÉ-MOLDADA TRELIÇADA COM ENCHIMENTO DE EPS H=25 CM, COM ESCORAMENTO, MATERIAL E MÃO DE OBRA - EXCLUSIVE CAPEAMENTO | D97: M2 | E97: 120.79 | H97: =TRUNC(F97+G97,2) -> 0 | I97: =$B$10 -> 0 | J97: =F97+(I97/100*F97) -> 0 | K97: =G97+(I97/100*G97) -> 0 | L97: =TRUNC(J97+K97,2) -> 0 | M97: =IF((J97+K97),TRUNC((J97/(J97+K97)*O97),2),0) -> 0 | N97: =IF((J97+K97),TRUNC((K97/(J97+K97)*O97),2),0) -> 0 | O97: =TRUNC(L97*E97,2) -> 0 | P97: =IF(O97<=(Relatório!O86*1.05),"PREÇO VÁLIDO","PREÇO INVÁLIDO") -> PREÇO VÁLIDO | Q97: =(O97/Relatório!O86)-1 -> -1
A99: 03.01.04 - ESCADAS
A100: Tabela de Origem | B100: Cód. Auxiliar | C100: Descrição do Serviço | D100: Unid. | E100: Quantidade | F100: Custo Unit. Material (R$) | G100: Custo Unit. MO (R$) | H100: Custo Unit. (R$) | I100: BDI(%) | J100: Preço unit MATERIAL (R$) | K100: Preço unit MO (R$) | L100: Preço Unit. (R$) | M100: Preço MATERIAL (R$) | N100: Preço MO(R$) | O100: Preço Total (R$) | P100: Verificação $+5% | Q100: Proposta x Referência
A101: SINAPI 05/24 | B101: 101977 | C101: MONTAGEM E DESMONTAGEM DE FÔRMA PARA ESCADAS, COM 2 LANCES EM "U" E LAJE PLANA, EM CHAPA DE MADEIRA COMPENSADA RESINADA, 2 UTILIZAÇÕES. AF_11/2020 | D101: M2 | E101: 66.4 | H101: =TRUNC(F101+G101,2) -> 0 | I101: =$B$10 -> 0 | J101: =F101+(I101/100*F101) -> 0 | K101: =G101+(I101/100*G101) -> 0 | L101: =TRUNC(J101+K101,2) -> 0 | M101: =IF((J101+K101),TRUNC((J101/(J101+K101)*O101),2),0) -> 0 | N101: =IF((J101+K101),TRUNC((K101/(J101+K101)*O101),2),0) -> 0 | O101: =TRUNC(L101*E101,2) -> 0 | P101: =IF(O101<=(Relatório!O90*1.05),"PREÇO VÁLIDO","PREÇO INVÁLIDO") -> PREÇO VÁLIDO | Q101: =(O101/Relatório!O90)-1 -> -1
A102: SINAPI 05/24 | B102: 95945 | C102: ARMAÇÃO DE ESCADA, DE UMA ESTRUTURA CONVENCIONAL DE CONCRETO ARMADO UTILIZANDO AÇO CA-50 DE 8,0 MM - MONTAGEM. AF_11/2020 | D102: KG | E102: 98.1 | H102: =TRUNC(F102+G102,2) -> 0 | I102: =$B$10 -> 0 | J102: =F102+(I102/100*F102) -> 0 | K102: =G102+(I102/100*G102) -> 0 | L102: =TRUNC(J102+K102,2) -> 0 | M102: =IF((J102+K102),TRUNC((J102/(J102+K102)*O102),2),0) -> 0 | N102: =IF((J102+K102),TRUNC((K102/(J102+K102)*O102),2),0) -> 0 | O102: =TRUNC(L102*E102,2) -> 0 | P102: =IF(O102<=(Relatório!O91*1.05),"PREÇO VÁLIDO","PREÇO INVÁLIDO") -> PREÇO VÁLIDO | Q102: =(O102/Relatório!O91)-1 -> -1
A103: SINAPI 05/24 | B103: 95946 | C103: ARMAÇÃO DE ESCADA, DE UMA ESTRUTURA CONVENCIONAL DE CONCRETO ARMADO UTILIZANDO AÇO CA-50 DE 10,0 MM - MONTAGEM. AF_11/2020 | D103: KG | E103: 238.4 | H103: =TRUNC(F103+G103,2) -> 0 | I103: =$B$10 -> 0 | J103: =F103+(I103/100*F103) -> 0 | K103: =G103+(I103/100*G103) -> 0 | L103: =TRUNC(J103+K103,2) -> 0 | M103: =IF((J103+K103),TRUNC((J103/(J103+K103)*O103),2),0) -> 0 | N103: =IF((J103+K103),TRUNC((K103/(J103+K103)*O103),2),0) -> 0 | O103: =TRUNC(L103*E103,2) -> 0 | P103: =IF(O103<=(Relatório!O92*1.05),"PREÇO VÁLIDO","PREÇO INVÁLIDO") -> PREÇO VÁLIDO | Q103: =(O103/Relatório!O92)-1 -> -1
A104: SINAPI 05/24 | B104: 95947 | C104: ARMAÇÃO DE ESCADA, DE UMA ESTRUTURA CONVENCIONAL DE CONCRETO ARMADO UTILIZANDO AÇO CA-50 DE 12,5 MM - MONTAGEM. AF_11/2020 | D104: KG | E104: 427.9 | H104: =TRUNC(F104+G104,2) -> 0 | I104: =$B$10 -> 0 | J104: =F104+(I104/100*F104) -> 0 | K104: =G104+(I104/100*G104) -> 0 | L104: =TRUNC(J104+K104,2) -> 0 | M104: =IF((J104+K104),TRUNC((J104/(J104+K104)*O104),2),0) -> 0 | N104: =IF((J104+K104),TRUNC((K104/(J104+K104)*O104),2),0) -> 0 | O104: =TRUNC(L104*E104,2) -> 0 | P104: =IF(O104<=(Relatório!O93*1.05),"PREÇO VÁLIDO","PREÇO INVÁLIDO") -> PREÇO VÁLIDO | Q104: =(O104/Relatório!O93)-1 -> -1
A105: PRÓPRIA 12/23 | B105: CPU98157 | C105: COMP.1627 PróprioCONCRETAGEM DE ESCADAS, FCK=30 MPA, COM USO DE BOMBA - LANÇAMENTO, ADENSAMENTO E ACABAMENTO. | D105: M3 | E105: 9.2 | H105: =TRUNC(F105+G105,2) -> 0 | I105: =$B$10 -> 0 | J105: =F105+(I105/100*F105) -> 0 | K105: =G105+(I105/100*G105) -> 0 | L105: =TRUNC(J105+K105,2) -> 0 | M105: =IF((J105+K105),TRUNC((J105/(J105+K105)*O105),2),0) -> 0 | N105: =IF((J105+K105),TRUNC((K105/(J105+K105)*O105),2),0) -> 0 | O105: =TRUNC(L105*E105,2) -> 0 | P105: =IF(O105<=(Relatório!O94*1.05),"PREÇO VÁLIDO","PREÇO INVÁLIDO") -> PREÇO VÁLIDO | Q105: =(O105/Relatório!O94)-1 -> -1
A106: PRÓPRIA 12/23 | B106: CPU98450 | C106: COMP.1400 PróprioLAJE PRÉ-MOLDADA TRELIÇADA COM ENCHIMENTO DE EPS H=8 CM COM ESCORAMENTO, MATERIAL E MÃO DE OBRA - EXCLUSIVE CAPEAMENTO | D106: M2 | E106: 19.29 | H106: =TRUNC(F106+G106,2) -> 0 | I106: =$B$10 -> 0 | J106: =F106+(I106/100*F106) -> 0 | K106: =G106+(I106/100*G106) -> 0 | L106: =TRUNC(J106+K106,2) -> 0 | M106: =IF((J106+K106),TRUNC((J106/(J106+K106)*O106),2),0) -> 0 | N106: =IF((J106+K106),TRUNC((K106/(J106+K106)*O106),2),0) -> 0 | O106: =TRUNC(L106*E106,2) -> 0 | P106: =IF(O106<=(Relatório!O95*1.05),"PREÇO VÁLIDO","PREÇO INVÁLIDO") -> PREÇO VÁLIDO | Q106: =(O106/Relatório!O95)-1 -> -1
A107: PRÓPRIA 12/23 | B107: CPU98451 | C107: COMP.1401 PróprioLAJE PRÉ-MOLDADA TRELIÇADA COM ENCHIMENTO DE EPS H=12 CM, COM ESCORAMENTO, MATERIAL E MÃO DE OBRA - EXCLUSIVE CAPEAMENTO | D107: M2 | E107: 19.9 | H107: =TRUNC(F107+G107,2) -> 0 | I107: =$B$10 -> 0 | J107: =F107+(I107/100*F107) -> 0 | K107: =G107+(I107/100*G107) -> 0 | L107: =TRUNC(J107+K107,2) -> 0 | M107: =IF((J107+K107),TRUNC((J107/(J107+K107)*O107),2),0) -> 0 | N107: =IF((J107+K107),TRUNC((K107/(J107+K107)*O107),2),0) -> 0 | O107: =TRUNC(L107*E107,2) -> 0 | P107: =IF(O107<=(Relatório!O96*1.05),"PREÇO VÁLIDO","PREÇO INVÁLIDO") -> PREÇO VÁLIDO | Q107: =(O107/Relatório!O96)-1 -> -1
A109: 03.02 - COBERTURA (TETO SUPERIOR)
A110: 03.02.01 - PILARES
A111: Tabela de Origem | B111: Cód. Auxiliar | C111: Descrição do Serviço | D111: Unid. | E111: Quantidade | F111: Custo Unit. Material (R$) | G111: Custo Unit. MO (R$) | H111: Custo Unit. (R$) | I111: BDI(%) | J111: Preço unit MATERIAL (R$) | K111: Preço unit MO (R$) | L111: Preço Unit. (R$) | M111: Preço MATERIAL (R$) | N111: Preço MO(R$) | O111: Preço Total (R$) | P111: Verificação $+5% | Q111: Proposta x Referência
A112: SINAPI 05/24 | B112: 92413 | C112: MONTAGEM E DESMONTAGEM DE FÔRMA DE PILARES RETANGULARES E ESTRUTURAS SIMILARES, PÉ-DIREITO SIMPLES, EM MADEIRA SERRADA, 4 UTILIZAÇÕES. AF_09/2020 | D112: M2 | E112: 161.6 | H112: =TRUNC(F112+G112,2) -> 0 | I112: =$B$10 -> 0 | J112: =F112+(I112/100*F112) -> 0 | K112: =G112+(I112/100*G112) -> 0 | L112: =TRUNC(J112+K112,2) -> 0 | M112: =IF((J112+K112),TRUNC((J112/(J112+K112)*O112),2),0) -> 0 | N112: =IF((J112+K112),TRUNC((K112/(J112+K112)*O112),2),0) -> 0 | O112: =TRUNC(L112*E112,2) -> 0 | P112: =IF(O112<=(Relatório!O101*1.05),"PREÇO VÁLIDO","PREÇO INVÁLIDO") -> PREÇO VÁLIDO | Q112: =(O112/Relatório!O101)-1 -> -1
A113: SINAPI 05/24 | B113: 92759 | C113: ARMAÇÃO DE PILAR OU VIGA DE ESTRUTURA CONVENCIONAL DE CONCRETO ARMADO UTILIZANDO AÇO CA-60 DE 5,0 MM - MONTAGEM. AF_06/2022 | D113: KG | E113: 212.4 | H113: =TRUNC(F113+G113,2) -> 0 | I113: =$B$10 -> 0 | J113: =F113+(I113/100*F113) -> 0 | K113: =G113+(I113/100*G113) -> 0 | L113: =TRUNC(J113+K113,2) -> 0 | M113: =IF((J113+K113),TRUNC((J113/(J113+K113)*O113),2),0) -> 0 | N113: =IF((J113+K113),TRUNC((K113/(J113+K113)*O113),2),0) -> 0 | O113: =TRUNC(L113*E113,2) -> 0 | P113: =IF(O113<=(Relatório!O102*1.05),"PREÇO VÁLIDO","PREÇO INVÁLIDO") -> PREÇO VÁLIDO | Q113: =(O113/Relatório!O102)-1 -> -1
A114: SINAPI 05/24 | B114: 92762 | C114: ARMAÇÃO DE PILAR OU VIGA DE ESTRUTURA CONVENCIONAL DE CONCRETO ARMADO UTILIZANDO AÇO CA-50 DE 10,0 MM - MONTAGEM. AF_06/2022 | D114: KG | E114: 263.2 | H114: =TRUNC(F114+G114,2) -> 0 | I114: =$B$10 -> 0 | J114: =F114+(I114/100*F114) -> 0 | K114: =G114+(I114/100*G114) -> 0 | L114: =TRUNC(J114+K114,2) -> 0 | M114: =IF((J114+K114),TRUNC((J114/(J114+K114)*O114),2),0) -> 0 | N114: =IF((J114+K114),TRUNC((K114/(J114+K114)*O114),2),0) -> 0 | O114: =TRUNC(L114*E114,2) -> 0 | P114: =IF(O114<=(Relatório!O103*1.05),"PREÇO VÁLIDO","PREÇO INVÁLIDO") -> PREÇO VÁLIDO | Q114: =(O114/Relatório!O103)-1 -> -1
...

Sheet Referencial
B2: ESTADO DE SANTA CATARINA
H4: Referencial
A5: Obra:
A6: Edital:
A7: Razão Social: | M7: Data: __ / __ / ____
A8: CNPJ:
A9: BDI Administração Local (%): | B9: 20.52 | C9: BDI Diferenciado Referencial (%) : | D9: N/A
A10: BDI Referencial (%): | B10: 20.52 | C10: BDI Diferenciado Referencial – Serviços Especializados (%) : | D10: N/A | G10: BDI Administração Local (%): | M10: Porcentagem de materiais (%) | N10: Porcentagem de mão de obra (%)
M11: =SUM(M15:M702)/$O$706 -> 0.571513 | N11: =SUM(N15:N702)/$O$706 -> 0.42848535
A13: 01 - Serviços Iniciais
A14: Tabela de Origem | B14: Cód. Auxiliar | C14: Descrição do Serviço | D14: Unid. | E14: Quantidade | F14: Custo Unit. Material (R$) | G14: Custo Unit. MO (R$) | H14: Custo Unit. (R$) | I14: BDI(%) | J14: Preço unit MATERIAL (R$) | K14: Preço unit MO (R$) | L14: Preço Unit. (R$) | M14: Preço MATERIAL (R$) | N14: Preço MO(R$) | O14: Preço Total (R$) | P14: Verificação $+5%
A15: SINAPI 05/24 | B15: 98459 | C15: TAPUME COM TELHA METÁLICA. AF_03/2024 | D15: M2 | E15: 57.26 | F15: =Relatório!F4 -> 58.04 | G15: =Relatório!G4 -> 31.11 | H15: =TRUNC(F15+G15,2) -> 89.15 | I15: =$B$10 -> 20.52 | J15: =F15+(I15/100*F15) -> 69.949808 | K15: =G15+(I15/100*G15) -> 37.493772 | L15: =TRUNC(J15+K15,2) -> 107.44 | M15: =IF((J15+K15),TRUNC((J15/(J15+K15)*O15),2),0) -> 4005.18 | N15: =IF((J15+K15),TRUNC((K15/(J15+K15)*O15),2),0) -> 2146.82 | O15: =TRUNC(L15*E15,2) -> 6152.01 | P15: =IF(O15<=(Relatório!O4*1.05),"PREÇO VÁLIDO","PREÇO INVÁLIDO") -> PREÇO VÁLIDO
A16: SINAPI 05/24 | B16: 99059 | C16: LOCAÇÃO CONVENCIONAL DE OBRA, UTILIZANDO GABARITO DE TÁBUAS CORRIDAS PONTALETADAS A CADA 2,00M - 2 UTILIZAÇÕES. AF_03/2024 | D16: M | E16: 89.9 | F16: =Relatório!F5 -> 54.85 | G16: =Relatório!G5 -> 35.37 | H16: =TRUNC(F16+G16,2) -> 90.22 | I16: =$B$10 -> 20.52 | J16: =F16+(I16/100*F16) -> 66.10522 | K16: =G16+(I16/100*G16) -> 42.627924 | L16: =TRUNC(J16+K16,2) -> 108.73 | M16: =IF((J16+K16),TRUNC((J16/(J16+K16)*O16),2),0) -> 5942.68 | N16: =IF((J16+K16),TRUNC((K16/(J16+K16)*O16),2),0) -> 3832.13 | O16: =TRUNC(L16*E16,2) -> 9774.82 | P16: =IF(O16<=(Relatório!O5*1.05),"PREÇO VÁLIDO","PREÇO INVÁLIDO") -> PREÇO VÁLIDO
A18: Total do Grupo**: | O18: =SUM(O15:O16) -> 15926.83
A20: 02 - Infraestrutura
A21: 02.01 - FUNDAÇÕES
A22: Tabela de Origem | B22: Cód. Auxiliar | C22: Descrição do Serviço | D22: Unid. | E22: Quantidade | F22: Custo Unit. Material (R$) | G22: Custo Unit. MO (R$) | H22: Custo Unit. (R$) | I22: BDI(%) | J22: Preço unit MATERIAL (R$) | K22: Preço unit MO (R$) | L22: Preço Unit. (R$) | M22: Preço MATERIAL (R$) | N22: Preço MO(R$) | O22: Preço Total (R$) | P22: Verificação $+5%
A23: SINAPI 05/24 | B23: 104920 | C23: ARMAÇÃO DE BLOCO, SAPATA ISOLADA, VIGA BALDRAME E SAPATA CORRIDA UTILIZANDO AÇO CA-50 DE 12,5 MM - MONTAGEM. AF_01/2024 | D23: KG | E23: 269.2 | F23: =Relatório!F12 -> 8.57 | G23: =Relatório!G12 -> 2.32 | H23: =TRUNC(F23+G23,2) -> 10.89 | I23: =$B$10 -> 20.52 | J23: =F23+(I23/100*F23) -> 10.328564 | K23: =G23+(I23/100*G23) -> 2.796064 | L23: =TRUNC(J23+K23,2) -> 13.12 | M23: =IF((J23+K23),TRUNC((J23/(J23+K23)*O23),2),0) -> 2779.46 | N23: =IF((J23+K23),TRUNC((K23/(J23+K23)*O23),2),0) -> 752.43 | O23: =TRUNC(L23*E23,2) -> 3531.9 | P23: =IF(O23<=(Relatório!O12*1.05),"PREÇO VÁLIDO","PREÇO INVÁLIDO") -> PREÇO VÁLIDO
A24: SINAPI 05/24 | B24: 104921 | C24: ARMAÇÃO DE BLOCO, SAPATA ISOLADA, VIGA BALDRAME E SAPATA CORRIDA UTILIZANDO AÇO CA-50 DE 16 MM - MONTAGEM. AF_01/2024 | D24: KG | E24: 211.9 | F24: =Relatório!F13 -> 8.47 | G24: =Relatório!G13 -> 1.72 | H24: =TRUNC(F24+G24,2) -> 10.19 | I24: =$B$10 -> 20.52 | J24: =F24+(I24/100*F24) -> 10.208044 | K24: =G24+(I24/100*G24) -> 2.072944 | L24: =TRUNC(J24+K24,2) -> 12.28 | M24: =IF((J24+K24),TRUNC((J24/(J24+K24)*O24),2),0) -> 2162.9 | N24: =IF((J24+K24),TRUNC((K24/(J24+K24)*O24),2),0) -> 439.22 | O24: =TRUNC(L24*E24,2) -> 2602.13 | P24: =IF(O24<=(Relatório!O13*1.05),"PREÇO VÁLIDO","PREÇO INVÁLIDO") -> PREÇO VÁLIDO
A25: SINAPI 05/24 | B25: 96557 | C25: CONCRETAGEM DE BLOCO DE COROAMENTO OU VIGA BALDRAME, FCK 30 MPA, COM USO DE BOMBA - LANÇAMENTO, ADENSAMENTO E ACABAMENTO. AF_01/2024 | D25: M3 | E25: 16 | F25: =Relatório!F14 -> 759.46 | G25: =Relatório!G14 -> 18.25 | H25: =TRUNC(F25+G25,2) -> 777.71 | I25: =$B$10 -> 20.52 | J25: =F25+(I25/100*F25) -> 915.30119 | K25: =G25+(I25/100*G25) -> 21.9949 | L25: =TRUNC(J25+K25,2) -> 937.29 | M25: =IF((J25+K25),TRUNC((J25/(J25+K25)*O25),2),0) -> 14644.72 | N25: =IF((J25+K25),TRUNC((K25/(J25+K25)*O25),2),0) -> 351.91 | O25: =TRUNC(L25*E25,2) -> 14996.64 | P25: =IF(O25<=(Relatório!O14*1.05),"PREÇO VÁLIDO","PREÇO INVÁLIDO") -> PREÇO VÁLIDO
A26: SINAPI 05/24 | B26: 96521 | C26: ESCAVAÇÃO MECANIZADA PARA BLOCO DE COROAMENTO OU SAPATA COM RETROESCAVADEIRA (INCLUINDO ESCAVAÇÃO PARA COLOCAÇÃO DE FÔRMAS). AF_01/2024 | D26: M3 | E26: 72.2 | F26: =Relatório!F15 -> 28.01 | G26: =Relatório!G15 -> 14.13 | H26: =TRUNC(F26+G26,2) -> 42.14 | I26: =$B$10 -> 20.52 | J26: =F26+(I26/100*F26) -> 33.757652 | K26: =G26+(I26/100*G26) -> 17.029476 | L26: =TRUNC(J26+K26,2) -> 50.78 | M26: =IF((J26+K26),TRUNC((J26/(J26+K26)*O26),2),0) -> 2436.95 | N26: =IF((J26+K26),TRUNC((K26/(J26+K26)*O26),2),0) -> 1229.35 | O26: =TRUNC(L26*E26,2) -> 3666.31 | P26: =IF(O26<=(Relatório!O15*1.05),"PREÇO VÁLIDO","PREÇO INVÁLIDO") -> PREÇO VÁLIDO
A27: SINAPI 05/24 | B27: 97083 | C27: COMPACTAÇÃO MECÂNICA DE SOLO PARA EXECUÇÃO DE RADIER, PISO DE CONCRETO OU LAJE SOBRE SOLO, COM COMPACTADOR DE SOLOS A PERCUSSÃO. AF_09/2021 | D27: M2 | E27: 44.1 | F27: =Relatório!F16 -> 0.65 | G27: =Relatório!G16 -> 2.91 | H27: =TRUNC(F27+G27,2) -> 3.56 | I27: =$B$10 -> 20.52 | J27: =F27+(I27/100*F27) -> 0.78338 | K27: =G27+(I27/100*G27) -> 3.507132 | L27: =TRUNC(J27+K27,2) -> 4.29 | M27: =IF((J27+K27),TRUNC((J27/(J27+K27)*O27),2),0) -> 34.54 | N27: =IF((J27+K27),TRUNC((K27/(J27+K27)*O27),2),0) -> 154.63 | O27: =TRUNC(L27*E27,2) -> 189.18 | P27: =IF(O27<=(Relatório!O16*1.05),"PREÇO VÁLIDO","PREÇO INVÁLIDO") -> PREÇO VÁLIDO
A28: SINAPI 05/24 | B28: 96617 | C28: LASTRO DE CONCRETO MAGRO, APLICADO EM BLOCOS DE COROAMENTO OU SAPATAS, ESPESSURA DE 3 CM. AF_01/2024 | D28: M2 | E28: 31.07 | F28: =Relatório!F17 -> 13.41 | G28: =Relatório!G17 -> 8.46 | H28: =TRUNC(F28+G28,2) -> 21.87 | I28: =$B$10 -> 20.52 | J28: =F28+(I28/100*F28) -> 16.161732 | K28: =G28+(I28/100*G28) -> 10.195992 | L28: =TRUNC(J28+K28,2) -> 26.35 | M28: =IF((J28+K28),TRUNC((J28/(J28+K28)*O28),2),0) -> 501.99 | N28: =IF((J28+K28),TRUNC((K28/(J28+K28)*O28),2),0) -> 316.69 | O28: =TRUNC(L28*E28,2) -> 818.69 | P28: =IF(O28<=(Relatório!O17*1.05),"PREÇO VÁLIDO","PREÇO INVÁLIDO") -> PREÇO VÁLIDO
A29: SINAPI 05/24 | B29: 100978 | C29: CARGA, MANOBRA E DESCARGA DE SOLOS E MATERIAIS GRANULARES EM CAMINHÃO BASCULANTE 10 M³ - CARGA COM ESCAVADEIRA HIDRÁULICA (CAÇAMBA DE 1,20 M³ / 155 HP) E DESCARGA LIVRE (UNIDADE: M3). AF_07/2020 | D29: M3 | E29: 29.4 | F29: =Relatório!F18 -> 5.85 | G29: =Relatório!G18 -> 1.22 | H29: =TRUNC(F29+G29,2) -> 7.07 | I29: =$B$10 -> 20.52 | J29: =F29+(I29/100*F29) -> 7.05042 | K29: =G29+(I29/100*G29) -> 1.470344 | L29: =TRUNC(J29+K29,2) -> 8.52 | M29: =IF((J29+K29),TRUNC((J29/(J29+K29)*O29),2),0) -> 207.25 | N29: =IF((J29+K29),TRUNC((K29/(J29+K29)*O29),2),0) -> 43.22 | O29: =TRUNC(L29*E29,2) -> 250.48 | P29: =IF(O29<=(Relatório!O18*1.05),"PREÇO VÁLIDO","PREÇO INVÁLIDO") -> PREÇO VÁLIDO
A30: SINAPI 05/24 | B30: 95875 | C30: TRANSPORTE COM CAMINHÃO BASCULANTE DE 10 M³, EM VIA URBANA PAVIMENTADA, DMT ATÉ 30 KM (UNIDADE: M3XKM). AF_07/2020 | D30: M3KM | E30: 882 | F30: =Relatório!F19 -> 2.1 | G30: =Relatório!G19 -> 0.37 | H30: =TRUNC(F30+G30,2) -> 2.47 | I30: =$B$10 -> 20.52 | J30: =F30+(I30/100*F30) -> 2.53092 | K30: =G30+(I30/100*G30) -> 0.445924 | L30: =TRUNC(J30+K30,2) -> 2.97 | M30: =IF((J30+K30),TRUNC((J30/(J30+K30)*O30),2),0) -> 2227.13 | N30: =IF((J30+K30),TRUNC((K30/(J30+K30)*O30),2),0) -> 392.4 | O30: =TRUNC(L30*E30,2) -> 2619.54 | P30: =IF(O30<=(Relatório!O19*1.05),"PREÇO VÁLIDO","PREÇO INVÁLIDO") -> PREÇO VÁLIDO
A31: SINAPI 05/24 | B31: 93382 | C31: REATERRO MANUAL DE VALAS, COM COMPACTADOR DE SOLOS DE PERCUSSÃO. AF_08/2023 | D31: M3 | E31: 59.99 | F31: =Relatório!F20 -> 6.77 | G31: =Relatório!G20 -> 20.49 | H31: =TRUNC(F31+G31,2) -> 27.26 | I31: =$B$10 -> 20.52 | J31: =F31+(I31/100*F31) -> 8.159204 | K31: =G31+(I31/100*G31) -> 24.694548 | L31: =TRUNC(J31+K31,2) -> 32.85 | M31: =IF((J31+K31),TRUNC((J31/(J31+K31)*O31),2),0) -> 489.41 | N31: =IF((J31+K31),TRUNC((K31/(J31+K31)*O31),2),0) -> 1481.25 | O31: =TRUNC(L31*E31,2) -> 1970.67 | P31: =IF(O31<=(Relatório!O20*1.05),"PREÇO VÁLIDO","PREÇO INVÁLIDO") -> PREÇO VÁLIDO
A32: SINAPI 05/24 | B32: 95601 | C32: ARRASAMENTO MECANICO DE ESTACA DE CONCRETO ARMADO, DIAMETROS DE ATÉ 40 CM. AF_05/2021 | D32: UN | E32: 43 | F32: =Relatório!F21 -> 2.97 | G32: =Relatório!G21 -> 14.56 | H32: =TRUNC(F32+G32,2) -> 17.53 | I32: =$B$10 -> 20.52 | J32: =F32+(I32/100*F32) -> 3.579444 | K32: =G32+(I32/100*G32) -> 17.547712 | L32: =TRUNC(J32+K32,2) -> 21.12 | M32: =IF((J32+K32),TRUNC((J32/(J32+K32)*O32),2),0) -> 153.86 | N32: =IF((J32+K32),TRUNC((K32/(J32+K32)*O32),2),0) -> 754.29 | O32: =TRUNC(L32*E32,2) -> 908.16 | P32: =IF(O32<=(Relatório!O21*1.05),"PREÇO VÁLIDO","PREÇO INVÁLIDO") -> PREÇO VÁLIDO
A33: SINAPI 05/24 | B33: 96543 | C33: ARMAÇÃO DE BLOCO UTILIZANDO AÇO CA-60 DE 5 MM - MONTAGEM. AF_01/2024 | D33: KG | E33: 69.8 | F33: =Relatório!F22 -> 10.44 | G33: =Relatório!G22 -> 10.36 | H33: =TRUNC(F33+G33,2) -> 20.8 | I33: =$B$10 -> 20.52 | J33: =F33+(I33/100*F33) -> 12.582288 | K33: =G33+(I33/100*G33) -> 12.485872 | L33: =TRUNC(J33+K33,2) -> 25.06 | M33: =IF((J33+K33),TRUNC((J33/(J33+K33)*O33),2),0) -> 877.95 | N33: =IF((J33+K33),TRUNC((K33/(J33+K33)*O33),2),0) -> 871.22 | O33: =TRUNC(L33*E33,2) -> 1749.18 | P33: =IF(O33<=(Relatório!O22*1.05),"PREÇO VÁLIDO","PREÇO INVÁLIDO") -> PREÇO VÁLIDO
A34: SINAPI 05/24 | B34: 96544 | C34: ARMAÇÃO DE BLOCO UTILIZANDO AÇO CA-50 DE 6,3 MM - MONTAGEM. AF_01/2024 | D34: KG | E34: 42.3 | F34: =Relatório!F23 -> 10.83 | G34: =Relatório!G23 -> 7.63 | H34: =TRUNC(F34+G34,2) -> 18.46 | I34: =$B$10 -> 20.52 | J34: =F34+(I34/100*F34) -> 13.052316 | K34: =G34+(I34/100*G34) -> 9.195676 | L34: =TRUNC(J34+K34,2) -> 22.24 | M34: =IF((J34+K34),TRUNC((J34/(J34+K34)*O34),2),0) -> 551.91 | N34: =IF((J34+K34),TRUNC((K34/(J34+K34)*O34),2),0) -> 388.83 | O34: =TRUNC(L34*E34,2) -> 940.75 | P34: =IF(O34<=(Relatório!O23*1.05),"PREÇO VÁLIDO","PREÇO INVÁLIDO") -> PREÇO VÁLIDO
... A36: SINAPI 05/24 | B36: 96546 | C36: ARMAÇÃO DE BLOCO UTILIZANDO AÇO CA-50 DE 10 MM - MONTAGEM. AF_01/2024 | D36: KG | E36: 241.5 | F36: =Relatório!F25 -> 10.06 | G36: =Relatório!G25 -> 4.21 | H36: =TRUNC(F36+G36,2) -> 14.27 | I36: =$B$10 -> 20.52 | J36: =F36+(I36/100*F36) -> 12.124312 | K36: =G36+(I36/100*G36) -> 5.073892 | L36: =TRUNC(J36+K36,2) -> 17.19 | M36: =IF((J36+K36),TRUNC((J36/(J36+K36)*O36),2),0) -> 2926.62 | N36: =IF((J36+K36),TRUNC((K36/(J36+K36)*O36),2),0) -> 1224.75 | O36: =TRUNC(L36*E36,2) -> 4151.38 | P36: =IF(O36<=(Relatório!O25*1.05),"PREÇO VÁLIDO","PREÇO INVÁLIDO") -> PREÇO VÁLIDO
A37: PRÓPRIA 12/23 | B37: CPU98858 | C37: COMP.1657 PróprioESTACA HÉLICE CONTÍNUA, DIÂMETRO DE 30 CM, INCLUSO CONCRETO FCK=30MPA COM BOMBEAMENTO E ARMADURA MÍNIMA (EXCLUSIVE MOBILIZAÇÃO E DESMOBILIZAÇÃO). | D37: M | E37: 559 | F37: =Relatório!F26 -> 59.685 | G37: =Relatório!G26 -> 59.685 | H37: =TRUNC(F37+G37,2) -> 119.37 | I37: =$B$10 -> 20.52 | J37: =F37+(I37/100*F37) -> 71.932362 | K37: =G37+(I37/100*G37) -> 71.932362 | L37: =TRUNC(J37+K37,2) -> 143.86 | M37: =IF((J37+K37),TRUNC((J37/(J37+K37)*O37),2),0) -> 40208.87 | N37: =IF((J37+K37),TRUNC((K37/(J37+K37)*O37),2),0) -> 40208.87 | O37: =TRUNC(L37*E37,2) -> 80417.74 | P37: =IF(O37<=(Relatório!O26*1.05),"PREÇO VÁLIDO","PREÇO INVÁLIDO") -> PREÇO VÁLIDO
A38: PRÓPRIA 12/23 | B38: CPU98427 | C38: COMP.1628 PróprioARMAÇÃO DE BLOCO, VIGA BALDRAME E SAPATA UTILIZANDO AÇO CA-60 DE 4.2 MM - MONTAGEM. | D38: KG | E38: 14.4 | F38: =Relatório!F27 -> 9.8 | G38: =Relatório!G27 -> 9.8 | H38: =TRUNC(F38+G38,2) -> 19.6 | I38: =$B$10 -> 20.52 | J38: =F38+(I38/100*F38) -> 11.81096 | K38: =G38+(I38/100*G38) -> 11.81096 | L38: =TRUNC(J38+K38,2) -> 23.62 | M38: =IF((J38+K38),TRUNC((J38/(J38+K38)*O38),2),0) -> 170.06 | N38: =IF((J38+K38),TRUNC((K38/(J38+K38)*O38),2),0) -> 170.06 | O38: =TRUNC(L38*E38,2) -> 340.12 | P38: =IF(O38<=(Relatório!O27*1.05),"PREÇO VÁLIDO","PREÇO INVÁLIDO") -> PREÇO VÁLIDO
A39: PRÓPRIA 12/23 | B39: CPU98135 | C39: COMP.1655 PróprioMOBILIZAÇÃO E DESMOBILIZAÇÃO DE EQUIPAMENTOS PARA ESTACA HÉLICE CONTÍNUA | D39: UN | E39: 1 | F39: =Relatório!F28 -> 7564.84 | G39: =Relatório!G28 -> 7564.84 | H39: =TRUNC(F39+G39,2) -> 15129.68 | I39: =$B$10 -> 20.52 | J39: =F39+(I39/100*F39) -> 9117.1452 | K39: =G39+(I39/100*G39) -> 9117.1452 | L39: =TRUNC(J39+K39,2) -> 18234.29 | M39: =IF((J39+K39),TRUNC((J39/(J39+K39)*O39),2),0) -> 9117.14 | N39: =IF((J39+K39),TRUNC((K39/(J39+K39)*O39),2),0) -> 9117.14 | O39: =TRUNC(L39*E39,2) -> 18234.29 | P39: =IF(O39<=(Relatório!O28*1.05),"PREÇO VÁLIDO","PREÇO INVÁLIDO") -> PREÇO VÁLIDO
A40: SINAPI 05/24 | B40: 96534 | C40: FABRICAÇÃO, MONTAGEM E DESMONTAGEM DE FÔRMA PARA BLOCO DE COROAMENTO, EM MADEIRA SERRADA, E=25 MM, 4 UTILIZAÇÕES. AF_01/2024 | D40: M2 | E40: 93.6 | F40: =Relatório!F29 -> 34.57 | G40: =Relatório!G29 -> 48.9 | H40: =TRUNC(F40+G40,2) -> 83.47 | I40: =$B$10 -> 20.52 | J40: =F40+(I40/100*F40) -> 41.663764 | K40: =G40+(I40/100*G40) -> 58.93428 | L40: =TRUNC(J40+K40,2) -> 100.59 | M40: =IF((J40+K40),TRUNC((J40/(J40+K40)*O40),2),0) -> 3899.41 | N40: =IF((J40+K40),TRUNC((K40/(J40+K40)*O40),2),0) -> 5515.8 | O40: =TRUNC(L40*E40,2) -> 9415.22 | P40: =IF(O40<=(Relatório!O29*1.05),"PREÇO VÁLIDO","PREÇO INVÁLIDO") -> PREÇO VÁLIDO
A41: SINAPI 05/24 | B41: 95579 | C41: MONTAGEM DE ARMADURA DE ESTACAS, DIÂMETRO = 16,0 MM. AF_09/2021_PS | D41: KG | E41: 2646.9 | F41: =Relatório!F30 -> 8.1 | G41: =Relatório!G30 -> 0.37 | H41: =TRUNC(F41+G41,2) -> 8.47 | I41: =$B$10 -> 20.52 | J41: =F41+(I41/100*F41) -> 9.76212 | K41: =G41+(I41/100*G41) -> 0.445924 | L41: =TRUNC(J41+K41,2) -> 10.2 | M41: =IF((J41+K41),TRUNC((J41/(J41+K41)*O41),2),0) -> 25818.99 | N41: =IF((J41+K41),TRUNC((K41/(J41+K41)*O41),2),0) -> 1179.38 | O41: =TRUNC(L41*E41,2) -> 26998.38 | P41: =IF(O41<=(Relatório!O30*1.05),"PREÇO VÁLIDO","PREÇO INVÁLIDO") -> PREÇO VÁLIDO
A42: SINAPI 05/24 | B42: 95584 | C42: MONTAGEM DE ARMADURA TRANSVERSAL DE ESTACAS DE SEÇÃO CIRCULAR, DIÂMETRO = 6,30 MM. AF_09/2021_PS | D42: KG | E42: 240.3 | F42: =Relatório!F31 -> 10.12 | G42: =Relatório!G31 -> 4.1 | H42: =TRUNC(F42+G42,2) -> 14.22 | I42: =$B$10 -> 20.52 | J42: =F42+(I42/100*F42) -> 12.196624 | K42: =G42+(I42/100*G42) -> 4.94132 | L42: =TRUNC(J42+K42,2) -> 17.13 | M42: =IF((J42+K42),TRUNC((J42/(J42+K42)*O42),2),0) -> 2929.48 | N42: =IF((J42+K42),TRUNC((K42/(J42+K42)*O42),2),0) -> 1186.84 | O42: =TRUNC(L42*E42,2) -> 4116.33 | P42: =IF(O42<=(Relatório!O31*1.05),"PREÇO VÁLIDO","PREÇO INVÁLIDO") -> PREÇO VÁLIDO
A44: 02.02 - BALDRAMES
A45: Tabela de Origem | B45: Cód. Auxiliar | C45: Descrição do Serviço | D45: Unid. | E45: Quantidade | F45: Custo Unit. Material (R$) | G45: Custo Unit. MO (R$) | H45: Custo Unit. (R$) | I45: BDI(%) | J45: Preço unit MATERIAL (R$) | K45: Preço unit MO (R$) | L45: Preço Unit. (R$) | M45: Preço MATERIAL (R$) | N45: Preço MO(R$) | O45: Preço Total (R$) | P45: Verificação $+5%
A46: SINAPI 05/24 | B46: 104916 | C46: ARMAÇÃO DE SAPATA ISOLADA, VIGA BALDRAME E SAPATA CORRIDA UTILIZANDO AÇO CA-60 DE 5 MM - MONTAGEM. AF_01/2024 | D46: KG | E46: 198.9 | F46: =Relatório!F35 -> 9.89 | G46: =Relatório!G35 -> 7.42 | H46: =TRUNC(F46+G46,2) -> 17.31 | I46: =$B$10 -> 20.52 | J46: =F46+(I46/100*F46) -> 11.919428 | K46: =G46+(I46/100*G46) -> 8.942584 | L46: =TRUNC(J46+K46,2) -> 20.86 | M46: =IF((J46+K46),TRUNC((J46/(J46+K46)*O46),2),0) -> 2370.54 | N46: =IF((J46+K46),TRUNC((K46/(J46+K46)*O46),2),0) -> 1778.5 | O46: =TRUNC(L46*E46,2) -> 4149.05 | P46: =IF(O46<=(Relatório!O35*1.05),"PREÇO VÁLIDO","PREÇO INVÁLIDO") -> PREÇO VÁLIDO
A47: SINAPI 05/24 | B47: 104917 | C47: ARMAÇÃO DE SAPATA ISOLADA, VIGA BALDRAME E SAPATA CORRIDA UTILIZANDO AÇO CA-50 DE 6,3 MM - MONTAGEM. AF_01/2024 | D47: KG | E47: 198.4 | F47: =Relatório!F36 -> 10.42 | G47: =Relatório!G36 -> 5.4 | H47: =TRUNC(F47+G47,2) -> 15.82 | I47: =$B$10 -> 20.52 | J47: =F47+(I47/100*F47) -> 12.558184 | K47: =G47+(I47/100*G47) -> 6.50808 | L47: =TRUNC(J47+K47,2) -> 19.06 | M47: =IF((J47+K47),TRUNC((J47/(J47+K47)*O47),2),0) -> 2490.72 | N47: =IF((J47+K47),TRUNC((K47/(J47+K47)*O47),2),0) -> 1290.77 | O47: =TRUNC(L47*E47,2) -> 3781.5 | P47: =IF(O47<=(Relatório!O36*1.05),"PREÇO VÁLIDO","PREÇO INVÁLIDO") -> PREÇO VÁLIDO
A48: SINAPI 05/24 | B48: 104918 | C48: ARMAÇÃO DE SAPATA ISOLADA, VIGA BALDRAME E SAPATA CORRIDA UTILIZANDO AÇO CA-50 DE 8 MM - MONTAGEM. AF_01/2024 | D48: KG | E48: 78.4 | F48: =Relatório!F37 -> 10.56 | G48: =Relatório!G37 -> 3.95 | H48: =TRUNC(F48+G48,2) -> 14.51 | I48: =$B$10 -> 20.52 | J48: =F48+(I48/100*F48) -> 12.726912 | K48: =G48+(I48/100*G48) -> 4.76054 | L48: =TRUNC(J48+K48,2) -> 17.48 | M48: =IF((J48+K48),TRUNC((J48/(J48+K48)*O48),2),0) -> 997.36 | N48: =IF((J48+K48),TRUNC((K48/(J48+K48)*O48),2),0) -> 373.06 | O48: =TRUNC(L48*E48,2) -> 1370.43 | P48: =IF(O48<=(Relatório!O37*1.05),"PREÇO VÁLIDO","PREÇO INVÁLIDO") -> PREÇO VÁLIDO
A49: SINAPI 05/24 | B49: 104919 | C49: ARMAÇÃO DE SAPATA ISOLADA, VIGA BALDRAME E SAPATA CORRIDA UTILIZANDO AÇO CA-50 DE 10 MM - MONTAGEM. AF_01/2024 | D49: KG | E49: 154.6 | F49: =Relatório!F38 -> 9.87 | G49: =Relatório!G38 -> 3 | H49: =TRUNC(F49+G49,2) -> 12.87 | I49: =$B$10 -> 20.52 | J49: =F49+(I49/100*F49) -> 11.895324 | K49: =G49+(I49/100*G49) -> 3.6156 | L49: =TRUNC(J49+K49,2) -> 15.51 | M49: =IF((J49+K49),TRUNC((J49/(J49+K49)*O49),2),0) -> 1838.9 | N49: =IF((J49+K49),TRUNC((K49/(J49+K49)*O49),2),0) -> 558.93 | O49: =TRUNC(L49*E49,2) -> 2397.84 | P49: =IF(O49<=(Relatório!O38*1.05),"PREÇO VÁLIDO","PREÇO INVÁLIDO") -> PREÇO VÁLIDO
A50: SINAPI 05/24 | B50: 104920 | C50: ARMAÇÃO DE BLOCO, SAPATA ISOLADA, VIGA BALDRAME E SAPATA CORRIDA UTILIZANDO AÇO CA-50 DE 12,5 MM - MONTAGEM. AF_01/2024 | D50: KG | E50: 473.3 | F50: =Relatório!F39 -> 8.57 | G50: =Relatório!G39 -> 2.32 | H50: =TRUNC(F50+G50,2) -> 10.89 | I50: =$B$10 -> 20.52 | J50: =F50+(I50/100*F50) -> 10.328564 | K50: =G50+(I50/100*G50) -> 2.796064 | L50: =TRUNC(J50+K50,2) -> 13.12 | M50: =IF((J50+K50),TRUNC((J50/(J50+K50)*O50),2),0) -> 4886.78 | N50: =IF((J50+K50),TRUNC((K50/(J50+K50)*O50),2),0) -> 1322.9 | O50: =TRUNC(L50*E50,2) -> 6209.69 | P50: =IF(O50<=(Relatório!O39*1.05),"PREÇO VÁLIDO","PREÇO INVÁLIDO") -> PREÇO VÁLIDO
A51: SINAPI 05/24 | B51: 104921 | C51: ARMAÇÃO DE BLOCO, SAPATA ISOLADA, VIGA BALDRAME E SAPATA CORRIDA UTILIZANDO AÇO CA-50 DE 16 MM - MONTAGEM. AF_01/2024 | D51: KG | E51: 469.2 | F51: =Relatório!F40 -> 8.47 | G51: =Relatório!G40 -> 1.72 | H51: =TRUNC(F51+G51,2) -> 10.19 | I51: =$B$10 -> 20.52 | J51: =F51+(I51/100*F51) -> 10.208044 | K51: =G51+(I51/100*G51) -> 2.072944 | L51: =TRUNC(J51+K51,2) -> 12.28 | M51: =IF((J51+K51),TRUNC((J51/(J51+K51)*O51),2),0) -> 4789.22 | N51: =IF((J51+K51),TRUNC((K51/(J51+K51)*O51),2),0) -> 972.54 | O51: =TRUNC(L51*E51,2) -> 5761.77 | P51: =IF(O51<=(Relatório!O40*1.05),"PREÇO VÁLIDO","PREÇO INVÁLIDO") -> PREÇO VÁLIDO
A52: SINAPI 05/24 | B52: 96536 | C52: FABRICAÇÃO, MONTAGEM E DESMONTAGEM DE FÔRMA PARA VIGA BALDRAME, EM MADEIRA SERRADA, E=25 MM, 4 UTILIZAÇÕES. AF_01/2024 | D52: M2 | E52: 208.5 | F52: =Relatório!F41 -> 31.87 | G52: =Relatório!G41 -> 40.42 | H52: =TRUNC(F52+G52,2) -> 72.29 | I52: =$B$10 -> 20.52 | J52: =F52+(I52/100*F52) -> 38.409724 | K52: =G52+(I52/100*G52) -> 48.714184 | L52: =TRUNC(J52+K52,2) -> 87.12 | M52: =IF((J52+K52),TRUNC((J52/(J52+K52)*O52),2),0) -> 8008.06 | N52: =IF((J52+K52),TRUNC((K52/(J52+K52)*O52),2),0) -> 10156.45 | O52: =TRUNC(L52*E52,2) -> 18164.52 | P52: =IF(O52<=(Relatório!O41*1.05),"PREÇO VÁLIDO","PREÇO INVÁLIDO") -> PREÇO VÁLIDO
A53: SINAPI 05/24 | B53: 96557 | C53: CONCRETAGEM DE BLOCO DE COROAMENTO OU VIGA BALDRAME, FCK 30 MPA, COM USO DE BOMBA - LANÇAMENTO, ADENSAMENTO E ACABAMENTO. AF_01/2024 | D53: M3 | E53: 17 | F53: =Relatório!F42 -> 759.46 | G53: =Relatório!G42 -> 18.25 | H53: =TRUNC(F53+G53,2) -> 777.71 | I53: =$B$10 -> 20.52 | J53: =F53+(I53/100*F53) -> 915.30119 | K53: =G53+(I53/100*G53) -> 21.9949 | L53: =TRUNC(J53+K53,2) -> 937.29 | M53: =IF((J53+K53),TRUNC((J53/(J53+K53)*O53),2),0) -> 15560.01 | N53: =IF((J53+K53),TRUNC((K53/(J53+K53)*O53),2),0) -> 373.91 | O53: =TRUNC(L53*E53,2) -> 15933.93 | P53: =IF(O53<=(Relatório!O42*1.05),"PREÇO VÁLIDO","PREÇO INVÁLIDO") -> PREÇO VÁLIDO
A55: 02.03 - LAJES
A56: Tabela de Origem | B56: Cód. Auxiliar | C56: Descrição do Serviço | D56: Unid. | E56: Quantidade | F56: Custo Unit. Material (R$) | G56: Custo Unit. MO (R$) | H56: Custo Unit. (R$) | I56: BDI(%) | J56: Preço unit MATERIAL (R$) | K56: Preço unit MO (R$) | L56: Preço Unit. (R$) | M56: Preço MATERIAL (R$) | N56: Preço MO(R$) | O56: Preço Total (R$) | P56: Verificação $+5%
A57: SINAPI 05/24 | B57: 92767 | C57: ARMAÇÃO DE LAJE DE ESTRUTURA CONVENCIONAL DE CONCRETO ARMADO UTILIZANDO AÇO CA-60 DE 4,2 MM - MONTAGEM. AF_06/2022 | D57: KG | E57: 339.7 | F57: =Relatório!F46 -> 10.02 | G57: =Relatório!G46 -> 5.91 | H57: =TRUNC(F57+G57,2) -> 15.93 | I57: =$B$10 -> 20.52 | J57: =F57+(I57/100*F57) -> 12.076104 | K57: =G57+(I57/100*G57) -> 7.122732 | L57: =TRUNC(J57+K57,2) -> 19.19 | M57: =IF((J57+K57),TRUNC((J57/(J57+K57)*O57),2),0) -> 4100.36 | N57: =IF((J57+K57),TRUNC((K57/(J57+K57)*O57),2),0) -> 2418.47 | O57: =TRUNC(L57*E57,2) -> 6518.84 | P57: =IF(O57<=(Relatório!O46*1.05),"PREÇO VÁLIDO","PREÇO INVÁLIDO") -> PREÇO VÁLIDO
A58: SINAPI 05/24 | B58: 92769 | C58: ARMAÇÃO DE LAJE DE ESTRUTURA CONVENCIONAL DE CONCRETO ARMADO UTILIZANDO AÇO CA-50 DE 6,3 MM - MONTAGEM. AF_06/2022 | D58: KG | E58: 41.2 | F58: =Relatório!F47 -> 10.1 | G58: =Relatório!G47 -> 2.7 | H58: =TRUNC(F58+G58,2) -> 12.8 | I58: =$B$10 -> 20.52 | J58: =F58+(I58/100*F58) -> 12.17252 | K58: =G58+(I58/100*G58) -> 3.25404 | L58: =TRUNC(J58+K58,2) -> 15.42 | M58: =IF((J58+K58),TRUNC((J58/(J58+K58)*O58),2),0) -> 501.29 | N58: =IF((J58+K58),TRUNC((K58/(J58+K58)*O58),2),0) -> 134 | O58: =TRUNC(L58*E58,2) -> 635.3 | P58: =IF(O58<=(Relatório!O47*1.05),"PREÇO VÁLIDO","PREÇO INVÁLIDO") -> PREÇO VÁLIDO
A59: SINAPI 05/24 | B59: 92770 | C59: ARMAÇÃO DE LAJE DE ESTRUTURA CONVENCIONAL DE CONCRETO ARMADO UTILIZANDO AÇO CA-50 DE 8,0 MM - MONTAGEM. AF_06/2022 | D59: KG | E59: 35.6 | F59: =Relatório!F48 -> 10.22 | G59: =Relatório!G48 -> 1.67 | H59: =TRUNC(F59+G59,2) -> 11.89 | I59: =$B$10 -> 20.52 | J59: =F59+(I59/100*F59) -> 12.317144 | K59: =G59+(I59/100*G59) -> 2.012684 | L59: =TRUNC(J59+K59,2) -> 14.32 | M59: =IF((J59+K59),TRUNC((J59/(J59+K59)*O59),2),0) -> 438.18 | N59: =IF((J59+K59),TRUNC((K59/(J59+K59)*O59),2),0) -> 71.6 | O59: =TRUNC(L59*E59,2) -> 509.79 | P59: =IF(O59<=(Relatório!O48*1.05),"PREÇO VÁLIDO","PREÇO INVÁLIDO") -> PREÇO VÁLIDO
A60: SINAPI 05/24 | B60: 92771 | C60: ARMAÇÃO DE LAJE DE ESTRUTURA CONVENCIONAL DE CONCRETO ARMADO UTILIZANDO AÇO CA-50 DE 10,0 MM - MONTAGEM. AF_06/2022 | D60: KG | E60: 81.6 | F60: =Relatório!F49 -> 9.54 | G60: =Relatório!G49 -> 1 | H60: =TRUNC(F60+G60,2) -> 10.54 | I60: =$B$10 -> 20.52 | J60: =F60+(I60/100*F60) -> 11.497608 | K60: =G60+(I60/100*G60) -> 1.2052 | L60: =TRUNC(J60+K60,2) -> 12.7 | M60: =IF((J60+K60),TRUNC((J60/(J60+K60)*O60),2),0) -> 937.99 | N60: =IF((J60+K60),TRUNC((K60/(J60+K60)*O60),2),0) -> 98.32 | O60: =TRUNC(L60*E60,2) -> 1036.32 | P60: =IF(O60<=(Relatório!O49*1.05),"PREÇO VÁLIDO","PREÇO INVÁLIDO") -> PREÇO VÁLIDO
A61: PRÓPRIA 12/23 | B61: CPU98154 | C61: COMP.494 PróprioCONCRETAGEM DE VIGAS E LAJES, FCK=30 MPA, PARA LAJES MACIÇAS OU NERVURADAS, LANÇAMENTO, ADENSAMENTO E ACABAMENTO. AF_12/2015 | D61: M3 | E61: 26.3 | F61: =Relatório!F50 -> 356.36 | G61: =Relatório!G50 -> 356.36 | H61: =TRUNC(F61+G61,2) -> 712.72 | I61: =$B$10 -> 20.52 | J61: =F61+(I61/100*F61) -> 429.48507 | K61: =G61+(I61/100*G61) -> 429.48507 | L61: =TRUNC(J61+K61,2) -> 858.97 | M61: =IF((J61+K61),TRUNC((J61/(J61+K61)*O61),2),0) -> 11295.45 | N61: =IF((J61+K61),TRUNC((K61/(J61+K61)*O61),2),0) -> 11295.45 | O61: =TRUNC(L61*E61,2) -> 22590.91 | P61: =IF(O61<=(Relatório!O50*1.05),"PREÇO VÁLIDO","PREÇO INVÁLIDO") -> PREÇO VÁLIDO
A62: PRÓPRIA 12/23 | B62: CPU98450 | C62: COMP.1400 PróprioLAJE PRÉ-MOLDADA TRELIÇADA COM ENCHIMENTO DE EPS H=8 CM COM ESCORAMENTO, MATERIAL E MÃO DE OBRA - EXCLUSIVE CAPEAMENTO | D62: M2 | E62: 126.65 | F62: =Relatório!F51 -> 86.57 | G62: =Relatório!G51 -> 86.57 | H62: =TRUNC(F62+G62,2) -> 173.14 | I62: =$B$10 -> 20.52 | J62: =F62+(I62/100*F62) -> 104.33416 | K62: =G62+(I62/100*G62) -> 104.33416 | L62: =TRUNC(J62+K62,2) -> 208.66 | M62: =IF((J62+K62),TRUNC((J62/(J62+K62)*O62),2),0) -> 13213.39 | N62: =IF((J62+K62),TRUNC((K62/(J62+K62)*O62),2),0) -> 13213.39 | O62: =TRUNC(L62*E62,2) -> 26426.78 | P62: =IF(O62<=(Relatório!O51*1.05),"PREÇO VÁLIDO","PREÇO INVÁLIDO") -> PREÇO VÁLIDO
A63: PRÓPRIA 12/23 | B63: CPU98452 | C63: COMP.1453 PróprioLAJE PRÉ-MOLDADA TRELIÇADA COM ENCHIMENTO DE EPS H=25 CM, COM ESCORAMENTO, MATERIAL E MÃO DE OBRA - EXCLUSIVE CAPEAMENTO | D63: M2 | E63: 120.67 | F63: =Relatório!F52 -> 139.815 | G63: =Relatório!G52 -> 139.815 | H63: =TRUNC(F63+G63,2) -> 279.63 | I63: =$B$10 -> 20.52 | J63: =F63+(I63/100*F63) -> 168.50504 | K63: =G63+(I63/100*G63) -> 168.50504 | L63: =TRUNC(J63+K63,2) -> 337.01 | M63: =IF((J63+K63),TRUNC((J63/(J63+K63)*O63),2),0) -> 20333.49 | N63: =IF((J63+K63),TRUNC((K63/(J63+K63)*O63),2),0) -> 20333.49 | O63: =TRUNC(L63*E63,2) -> 40666.99 | P63: =IF(O63<=(Relatório!O52*1.05),"PREÇO VÁLIDO","PREÇO INVÁLIDO") -> PREÇO VÁLIDO
A64: PRÓPRIA 02/24 | B64: CPU101799 | C64: COMP.1402 - LAJE PRÉ-MOLDADA TRELIÇADA COM ENCHIMENTO DE EPS H=16 CM, COM ESCORAMENTO, MATERIAL E MÃO DE OBRA - EXCLUSIVE CAPEAMENTO | D64: M2 | E64: 35.83 | F64: =Relatório!F53 -> 118.18 | G64: =Relatório!G53 -> 118.18 | H64: =TRUNC(F64+G64,2) -> 236.36 | I64: =$B$10 -> 20.52 | J64: =F64+(I64/100*F64) -> 142.43054 | K64: =G64+(I64/100*G64) -> 142.43054 | L64: =TRUNC(J64+K64,2) -> 284.86 | M64: =IF((J64+K64),TRUNC((J64/(J64+K64)*O64),2),0) -> 5103.26 | N64: =IF((J64+K64),TRUNC((K64/(J64+K64)*O64),2),0) -> 5103.26 | O64: =TRUNC(L64*E64,2) -> 10206.53 | P64: =IF(O64<=(Relatório!O53*1.05),"PREÇO VÁLIDO","PREÇO INVÁLIDO") -> PREÇO VÁLIDO
A66: Total do Grupo**: | O66: =SUM(O23:O64) -> 351896.2
A68: 03 - Supraestrutura
A69: 03.01 - SUPERIOR (TETO TÉRREO)
A70: 03.01.01 - PILARES
A71: Tabela de Origem | B71: Cód. Auxiliar | C71: Descrição do Serviço | D71: Unid. | E71: Quantidade | F71: Custo Unit. Material (R$) | G71: Custo Unit. MO (R$) | H71: Custo Unit. (R$) | I71: BDI(%) | J71: Preço unit MATERIAL (R$) | K71: Preço unit MO (R$) | L71: Preço Unit. (R$) | M71: Preço MATERIAL (R$) | N71: Preço MO(R$) | O71: Preço Total (R$) | P71: Verificação $+5%
A72: SINAPI 05/24 | B72: 92413 | C72: MONTAGEM E DESMONTAGEM DE FÔRMA DE PILARES RETANGULARES E ESTRUTURAS SIMILARES, PÉ-DIREITO SIMPLES, EM MADEIRA SERRADA, 4 UTILIZAÇÕES. AF_09/2020 | D72: M2 | E72: 99 | F72: =Relatório!F61 -> 41.94 | G72: =Relatório!G61 -> 69.34 | H72: =TRUNC(F72+G72,2) -> 111.28 | I72: =$B$10 -> 20.52 | J72: =F72+(I72/100*F72) -> 50.546088 | K72: =G72+(I72/100*G72) -> 83.568568 | L72: =TRUNC(J72+K72,2) -> 134.11 | M72: =IF((J72+K72),TRUNC((J72/(J72+K72)*O72),2),0) -> 5003.88 | N72: =IF((J72+K72),TRUNC((K72/(J72+K72)*O72),2),0) -> 8273 | O72: =TRUNC(L72*E72,2) -> 13276.89 | P72: =IF(O72<=(Relatório!O61*1.05),"PREÇO VÁLIDO","PREÇO INVÁLIDO") -> PREÇO VÁLIDO
A73: SINAPI 05/24 | B73: 92759 | C73: ARMAÇÃO DE PILAR OU VIGA DE ESTRUTURA CONVENCIONAL DE CONCRETO ARMADO UTILIZANDO AÇO CA-60 DE 5,0 MM - MONTAGEM. AF_06/2022 | D73: KG | E73: 136.2 | F73: =Relatório!F62 -> 9.54 | G73: =Relatório!G62 -> 4.9 | H73: =TRUNC(F73+G73,2) -> 14.44 | I73: =$B$10 -> 20.52 | J73: =F73+(I73/100*F73) -> 11.497608 | K73: =G73+(I73/100*G73) -> 5.90548 | L73: =TRUNC(J73+K73,2) -> 17.4 | M73: =IF((J73+K73),TRUNC((J73/(J73+K73)*O73),2),0) -> 1565.69 | N73: =IF((J73+K73),TRUNC((K73/(J73+K73)*O73),2),0) -> 804.18 | O73: =TRUNC(L73*E73,2) -> 2369.88 | P73: =IF(O73<=(Relatório!O62*1.05),"PREÇO VÁLIDO","PREÇO INVÁLIDO") -> PREÇO VÁLIDO
A74: SINAPI 05/24 | B74: 92762 | C74: ARMAÇÃO DE PILAR OU VIGA DE ESTRUTURA CONVENCIONAL DE CONCRETO ARMADO UTILIZANDO AÇO CA-50 DE 10,0 MM - MONTAGEM. AF_06/2022 | D74: KG | E74: 67.1 | F74: =Relatório!F63 -> 9.62 | G74: =Relatório!G63 -> 1.4 | H74: =TRUNC(F74+G74,2) -> 11.02 | I74: =$B$10 -> 20.52 | J74: =F74+(I74/100*F74) -> 11.594024 | K74: =G74+(I74/100*G74) -> 1.68728 | L74: =TRUNC(J74+K74,2) -> 13.28 | M74: =IF((J74+K74),TRUNC((J74/(J74+K74)*O74),2),0) -> 777.87 | N74: =IF((J74+K74),TRUNC((K74/(J74+K74)*O74),2),0) -> 113.2 | O74: =TRUNC(L74*E74,2) -> 891.08 | P74: =IF(O74<=(Relatório!O63*1.05),"PREÇO VÁLIDO","PREÇO INVÁLIDO") -> PREÇO VÁLIDO
A75: SINAPI 05/24 | B75: 92763 | C75: ARMAÇÃO DE PILAR OU VIGA DE ESTRUTURA CONVENCIONAL DE CONCRETO ARMADO UTILIZANDO AÇO CA-50 DE 12,5 MM - MONTAGEM. AF_06/2022 | D75: KG | E75: 561.3 | F75: =Relatório!F64 -> 8.35 | G75: =Relatório!G64 -> 0.88 | H75: =TRUNC(F75+G75,2) -> 9.23 | I75: =$B$10 -> 20.52 | J75: =F75+(I75/100*F75) -> 10.06342 | K75: =G75+(I75/100*G75) -> 1.060576 | L75: =TRUNC(J75+K75,2) -> 11.12 | M75: =IF((J75+K75),TRUNC((J75/(J75+K75)*O75),2),0) -> 5646.56 | N75: =IF((J75+K75),TRUNC((K75/(J75+K75)*O75),2),0) -> 595.08 | O75: =TRUNC(L75*E75,2) -> 6241.65 | P75: =IF(O75<=(Relatório!O64*1.05),"PREÇO VÁLIDO","PREÇO INVÁLIDO") -> PREÇO VÁLIDO
A76: PRÓPRIA 12/23 | B76: CPU98150 | C76: COMP.493 PróprioCONCRETAGEM DE PILARES, FCK = 30 MPA, COM USO DE BOMBA EM EDIFICAÇÃO COM SEÇÃO MÉDIA DE PILARES MENOR OU IGUAL A 0,25 M² - LANÇAMENTO, ADENSAMENTO E ACABAMENTO. AF_12/2015 | D76: M3 | E76: 6.2 | F76: =Relatório!F65 -> 358.575 | G76: =Relatório!G65 -> 358.575 | H76: =TRUNC(F76+G76,2) -> 717.15 | I76: =$B$10 -> 20.52 | J76: =F76+(I76/100*F76) -> 432.15459 | K76: =G76+(I76/100*G76) -> 432.15459 | L76: =TRUNC(J76+K76,2) -> 864.3 | M76: =IF((J76+K76),TRUNC((J76/(J76+K76)*O76),2),0) -> 2679.33 | N76: =IF((J76+K76),TRUNC((K76/(J76+K76)*O76),2),0) -> 2679.33 | O76: =TRUNC(L76*E76,2) -> 5358.66 | P76: =IF(O76<=(Relatório!O65*1.05),"PREÇO VÁLIDO","PREÇO INVÁLIDO") -> PREÇO VÁLIDO
A78: 03.01.02 - VIGAS
A79: Tabela de Origem | B79: Cód. Auxiliar | C79: Descrição do Serviço | D79: Unid. | E79: Quantidade | F79: Custo Unit. Material (R$) | G79: Custo Unit. MO (R$) | H79: Custo Unit. (R$) | I79: BDI(%) | J79: Preço unit MATERIAL (R$) | K79: Preço unit MO (R$) | L79: Preço Unit. (R$) | M79: Preço MATERIAL (R$) | N79: Preço MO(R$) | O79: Preço Total (R$) | P79: Verificação $+5%
A80: PRÓPRIA 12/23 | B80: CPU98154 | C80: COMP.494 PróprioCONCRETAGEM DE VIGAS E LAJES, FCK=30 MPA, PARA LAJES MACIÇAS OU NERVURADAS, LANÇAMENTO, ADENSAMENTO E ACABAMENTO. AF_12/2015 | D80: M3 | E80: 10.8 | F80: =Relatório!F69 -> 356.36 | G80: =Relatório!G69 -> 356.36 | H80: =TRUNC(F80+G80,2) -> 712.72 | I80: =$B$10 -> 20.52 | J80: =F80+(I80/100*F80) -> 429.48507 | K80: =G80+(I80/100*G80) -> 429.48507 | L80: =TRUNC(J80+K80,2) -> 858.97 | M80: =IF((J80+K80),TRUNC((J80/(J80+K80)*O80),2),0) -> 4638.43 | N80: =IF((J80+K80),TRUNC((K80/(J80+K80)*O80),2),0) -> 4638.43 | O80: =TRUNC(L80*E80,2) -> 9276.87 | P80: =IF(O80<=(Relatório!O69*1.05),"PREÇO VÁLIDO","PREÇO INVÁLIDO") -> PREÇO VÁLIDO
A81: SINAPI 05/24 | B81: 92448 | C81: MONTAGEM E DESMONTAGEM DE FÔRMA DE VIGA, ESCORAMENTO COM PONTALETE DE MADEIRA, PÉ-DIREITO SIMPLES, EM MADEIRA SERRADA, 4 UTILIZAÇÕES. AF_09/2020 | D81: M2 | E81: 135.9 | F81: =Relatório!F70 -> 181.44 | G81: =Relatório!G70 -> 71.96 | H81: =TRUNC(F81+G81,2) -> 253.4 | I81: =$B$10 -> 20.52 | J81: =F81+(I81/100*F81) -> 218.67149 | K81: =G81+(I81/100*G81) -> 86.726192 | L81: =TRUNC(J81+K81,2) -> 305.39 | M81: =IF((J81+K81),TRUNC((J81/(J81+K81)*O81),2),0) -> 29716.7 | N81: =IF((J81+K81),TRUNC((K81/(J81+K81)*O81),2),0) -> 11785.79 | O81: =TRUNC(L81*E81,2) -> 41502.5 | P81: =IF(O81<=(Relatório!O70*1.05),"PREÇO VÁLIDO","PREÇO INVÁLIDO") -> PREÇO VÁLIDO
A82: SINAPI 05/24 | B82: 92759 | C82: ARMAÇÃO DE PILAR OU VIGA DE ESTRUTURA CONVENCIONAL DE CONCRETO ARMADO UTILIZANDO AÇO CA-60 DE 5,0 MM - MONTAGEM. AF_06/2022 | D82: KG | E82: 135.4 | F82: =Relatório!F71 -> 9.54 | G82: =Relatório!G71 -> 4.9 | H82: =TRUNC(F82+G82,2) -> 14.44 | I82: =$B$10 -> 20.52 | J82: =F82+(I82/100*F82) -> 11.497608 | K82: =G82+(I82/100*G82) -> 5.90548 | L82: =TRUNC(J82+K82,2) -> 17.4 | M82: =IF((J82+K82),TRUNC((J82/(J82+K82)*O82),2),0) -> 1556.49 | N82: =IF((J82+K82),TRUNC((K82/(J82+K82)*O82),2),0) -> 799.46 | O82: =TRUNC(L82*E82,2) -> 2355.96 | P82: =IF(O82<=(Relatório!O71*1.05),"PREÇO VÁLIDO","PREÇO INVÁLIDO") -> PREÇO VÁLIDO
A83: SINAPI 05/24 | B83: 92760 | C83: ARMAÇÃO DE PILAR OU VIGA DE ESTRUTURA CONVENCIONAL DE CONCRETO ARMADO UTILIZANDO AÇO CA-50 DE 6,3 MM - MONTAGEM. AF_06/2022 | D83: KG | E83: 41.2 | F83: =Relatório!F72 -> 10.13 | G83: =Relatório!G72 -> 3.27 | H83: =TRUNC(F83+G83,2) -> 13.4 | I83: =$B$10 -> 20.52 | J83: =F83+(I83/100*F83) -> 12.208676 | K83: =G83+(I83/100*G83) -> 3.941004 | L83: =TRUNC(J83+K83,2) -> 16.14 | M83: =IF((J83+K83),TRUNC((J83/(J83+K83)*O83),2),0) -> 502.68 | N83: =IF((J83+K83),TRUNC((K83/(J83+K83)*O83),2),0) -> 162.27 | O83: =TRUNC(L83*E83,2) -> 664.96 | P83: =IF(O83<=(Relatório!O72*1.05),"PREÇO VÁLIDO","PREÇO INVÁLIDO") -> PREÇO VÁLIDO
A84: SINAPI 05/24 | B84: 92761 | C84: ARMAÇÃO DE PILAR OU VIGA DE ESTRUTURA CONVENCIONAL DE CONCRETO ARMADO UTILIZANDO AÇO CA-50 DE 8,0 MM - MONTAGEM. AF_06/2022 | D84: KG | E84: 15 | F84: =Relatório!F73 -> 10.3 | G84: =Relatório!G73 -> 2.13 | H84: =TRUNC(F84+G84,2) -> 12.43 | I84: =$B$10 -> 20.52 | J84: =F84+(I84/100*F84) -> 12.41356 | K84: =G84+(I84/100*G84) -> 2.567076 | L84: =TRUNC(J84+K84,2) -> 14.98 | M84: =IF((J84+K84),TRUNC((J84/(J84+K84)*O84),2),0) -> 186.19 | N84: =IF((J84+K84),TRUNC((K84/(J84+K84)*O84),2),0) -> 38.5 | O84: =TRUNC(L84*E84,2) -> 224.7 | P84: =IF(O84<=(Relatório!O73*1.05),"PREÇO VÁLIDO","PREÇO INVÁLIDO") -> PREÇO VÁLIDO
A85: SINAPI 05/24 | B85: 92762 | C85: ARMAÇÃO DE PILAR OU VIGA DE ESTRUTURA CONVENCIONAL DE CONCRETO ARMADO UTILIZANDO AÇO CA-50 DE 10,0 MM - MONTAGEM. AF_06/2022 | D85: KG | E85: 45.1 | F85: =Relatório!F74 -> 9.62 | G85: =Relatório!G74 -> 1.4 | H85: =TRUNC(F85+G85,2) -> 11.02 | I85: =$B$10 -> 20.52 | J85: =F85+(I85/100*F85) -> 11.594024 | K85: =G85+(I85/100*G85) -> 1.68728 | L85: =TRUNC(J85+K85,2) -> 13.28 | M85: =IF((J85+K85),TRUNC((J85/(J85+K85)*O85),2),0) -> 522.83 | N85: =IF((J85+K85),TRUNC((K85/(J85+K85)*O85),2),0) -> 76.08 | O85: =TRUNC(L85*E85,2) -> 598.92 | P85: =IF(O85<=(Relatório!O74*1.05),"PREÇO VÁLIDO","PREÇO INVÁLIDO") -> PREÇO VÁLIDO
A86: SINAPI 05/24 | B86: 92763 | C86: ARMAÇÃO DE PILAR OU VIGA DE ESTRUTURA CONVENCIONAL DE CONCRETO ARMADO UTILIZANDO AÇO CA-50 DE 12,5 MM - MONTAGEM. AF_06/2022 | D86: KG | E86: 509.5 | F86: =Relatório!F75 -> 8.35 | G86: =Relatório!G75 -> 0.88 | H86: =TRUNC(F86+G86,2) -> 9.23 | I86: =$B$10 -> 20.52 | J86: =F86+(I86/100*F86) -> 10.06342 | K86: =G86+(I86/100*G86) -> 1.060576 | L86: =TRUNC(J86+K86,2) -> 11.12 | M86: =IF((J86+K86),TRUNC((J86/(J86+K86)*O86),2),0) -> 5125.47 | N86: =IF((J86+K86),TRUNC((K86/(J86+K86)*O86),2),0) -> 540.16 | O86: =TRUNC(L86*E86,2) -> 5665.64 | P86: =IF(O86<=(Relatório!O75*1.05),"PREÇO VÁLIDO","PREÇO INVÁLIDO") -> PREÇO VÁLIDO
A87: SINAPI 05/24 | B87: 92764 | C87: ARMAÇÃO DE PILAR OU VIGA DE ESTRUTURA CONVENCIONAL DE CONCRETO ARMADO UTILIZANDO AÇO CA-50 DE 16,0 MM - MONTAGEM. AF_06/2022 | D87: KG | E87: 403.7 | F87: =Relatório!F76 -> 8.28 | G87: =Relatório!G76 -> 0.62 | H87: =TRUNC(F87+G87,2) -> 8.9 | I87: =$B$10 -> 20.52 | J87: =F87+(I87/100*F87) -> 9.979056 | K87: =G87+(I87/100*G87) -> 0.747224 | L87: =TRUNC(J87+K87,2) -> 10.72 | M87: =IF((J87+K87),TRUNC((J87/(J87+K87)*O87),2),0) -> 4026.18 | N87: =IF((J87+K87),TRUNC((K87/(J87+K87)*O87),2),0) -> 301.47 | O87: =TRUNC(L87*E87,2) -> 4327.66 | P87: =IF(O87<=(Relatório!O76*1.05),"PREÇO VÁLIDO","PREÇO INVÁLIDO") -> PREÇO VÁLIDO
A89: 03.01.03 - LAJES
A90: Tabela de Origem | B90: Cód. Auxiliar | C90: Descrição do Serviço | D90: Unid. | E90: Quantidade | F90: Custo Unit. Material (R$) | G90: Custo Unit. MO (R$) | H90: Custo Unit. (R$) | I90: BDI(%) | J90: Preço unit MATERIAL (R$) | K90: Preço unit MO (R$) | L90: Preço Unit. (R$) | M90: Preço MATERIAL (R$) | N90: Preço MO(R$) | O90: Preço Total (R$) | P90: Verificação $+5%
A91: SINAPI 05/24 | B91: 92767 | C91: ARMAÇÃO DE LAJE DE ESTRUTURA CONVENCIONAL DE CONCRETO ARMADO UTILIZANDO AÇO CA-60 DE 4,2 MM - MONTAGEM. AF_06/2022 | D91: KG | E91: 223.9 | F91: =Relatório!F80 -> 10.02 | G91: =Relatório!G80 -> 5.91 | H91: =TRUNC(F91+G91,2) -> 15.93 | I91: =$B$10 -> 20.52 | J91: =F91+(I91/100*F91) -> 12.076104 | K91: =G91+(I91/100*G91) -> 7.122732 | L91: =TRUNC(J91+K91,2) -> 19.19 | M91: =IF((J91+K91),TRUNC((J91/(J91+K91)*O91),2),0) -> 2702.59 | N91: =IF((J91+K91),TRUNC((K91/(J91+K91)*O91),2),0) -> 1594.04 | O91: =TRUNC(L91*E91,2) -> 4296.64 | P91: =IF(O91<=(Relatório!O80*1.05),"PREÇO VÁLIDO","PREÇO INVÁLIDO") -> PREÇO VÁLIDO
A92: SINAPI 05/24 | B92: 92770 | C92: ARMAÇÃO DE LAJE DE ESTRUTURA CONVENCIONAL DE CONCRETO ARMADO UTILIZANDO AÇO CA-50 DE 8,0 MM - MONTAGEM. AF_06/2022 | D92: KG | E92: 102.8 | F92: =Relatório!F81 -> 10.22 | G92: =Relatório!G81 -> 1.67 | H92: =TRUNC(F92+G92,2) -> 11.89 | I92: =$B$10 -> 20.52 | J92: =F92+(I92/100*F92) -> 12.317144 | K92: =G92+(I92/100*G92) -> 2.012684 | L92: =TRUNC(J92+K92,2) -> 14.32 | M92: =IF((J92+K92),TRUNC((J92/(J92+K92)*O92),2),0) -> 1265.32 | N92: =IF((J92+K92),TRUNC((K92/(J92+K92)*O92),2),0) -> 206.76 | O92: =TRUNC(L92*E92,2) -> 1472.09 | P92: =IF(O92<=(Relatório!O81*1.05),"PREÇO VÁLIDO","PREÇO INVÁLIDO") -> PREÇO VÁLIDO
A93: SINAPI 05/24 | B93: 92771 | C93: ARMAÇÃO DE LAJE DE ESTRUTURA CONVENCIONAL DE CONCRETO ARMADO UTILIZANDO AÇO CA-50 DE 10,0 MM - MONTAGEM. AF_06/2022 | D93: KG | E93: 81.7 | F93: =Relatório!F82 -> 9.54 | G93: =Relatório!G82 -> 1 | H93: =TRUNC(F93+G93,2) -> 10.54 | I93: =$B$10 -> 20.52 | J93: =F93+(I93/100*F93) -> 11.497608 | K93: =G93+(I93/100*G93) -> 1.2052 | L93: =TRUNC(J93+K93,2) -> 12.7 | M93: =IF((J93+K93),TRUNC((J93/(J93+K93)*O93),2),0) -> 939.14 | N93: =IF((J93+K93),TRUNC((K93/(J93+K93)*O93),2),0) -> 98.44 | O93: =TRUNC(L93*E93,2) -> 1037.59 | P93: =IF(O93<=(Relatório!O82*1.05),"PREÇO VÁLIDO","PREÇO INVÁLIDO") -> PREÇO VÁLIDO
A94: PRÓPRIA 12/23 | B94: CPU98150 | C94: COMP.493 PróprioCONCRETAGEM DE PILARES, FCK = 30 MPA, COM USO DE BOMBA EM EDIFICAÇÃO COM SEÇÃO MÉDIA DE PILARES MENOR OU IGUAL A 0,25 M² - LANÇAMENTO, ADENSAMENTO E ACABAMENTO. AF_12/2015 | D94: M3 | E94: 20.4 | F94: =Relatório!F83 -> 358.575 | G94: =Relatório!G83 -> 358.575 | H94: =TRUNC(F94+G94,2) -> 717.15 | I94: =$B$10 -> 20.52 | J94: =F94+(I94/100*F94) -> 432.15459 | K94: =G94+(I94/100*G94) -> 432.15459 | L94: =TRUNC(J94+K94,2) -> 864.3 | M94: =IF((J94+K94),TRUNC((J94/(J94+K94)*O94),2),0) -> 8815.86 | N94: =IF((J94+K94),TRUNC((K94/(J94+K94)*O94),2),0) -> 8815.86 | O94: =TRUNC(L94*E94,2) -> 17631.72 | P94: =IF(O94<=(Relatório!O83*1.05),"PREÇO VÁLIDO","PREÇO INVÁLIDO") -> PREÇO VÁLIDO
A95: PRÓPRIA 12/23 | B95: CPU98450 | C95: COMP.1400 PróprioLAJE PRÉ-MOLDADA TRELIÇADA COM ENCHIMENTO DE EPS H=8 CM COM ESCORAMENTO, MATERIAL E MÃO DE OBRA - EXCLUSIVE CAPEAMENTO | D95: M2 | E95: 53.87 | F95: =Relatório!F84 -> 86.57 | G95: =Relatório!G84 -> 86.57 | H95: =TRUNC(F95+G95,2) -> 173.14 | I95: =$B$10 -> 20.52 | J95: =F95+(I95/100*F95) -> 104.33416 | K95: =G95+(I95/100*G95) -> 104.33416 | L95: =TRUNC(J95+K95,2) -> 208.66 | M95: =IF((J95+K95),TRUNC((J95/(J95+K95)*O95),2),0) -> 5620.25 | N95: =IF((J95+K95),TRUNC((K95/(J95+K95)*O95),2),0) -> 5620.25 | O95: =TRUNC(L95*E95,2) -> 11240.51 | P95: =IF(O95<=(Relatório!O84*1.05),"PREÇO VÁLIDO","PREÇO INVÁLIDO") -> PREÇO VÁLIDO
A96: PRÓPRIA 02/24 | B96: CPU101799 | C96: COMP.1402 - LAJE PRÉ-MOLDADA TRELIÇADA COM ENCHIMENTO DE EPS H=16 CM, COM ESCORAMENTO, MATERIAL E MÃO DE OBRA - EXCLUSIVE CAPEAMENTO | D96: M2 | E96: 36.31 | F96: =Relatório!F85 -> 118.18 | G96: =Relatório!G85 -> 118.18 | H96: =TRUNC(F96+G96,2) -> 236.36 | I96: =$B$10 -> 20.52 | J96: =F96+(I96/100*F96) -> 142.43054 | K96: =G96+(I96/100*G96) -> 142.43054 | L96: =TRUNC(J96+K96,2) -> 284.86 | M96: =IF((J96+K96),TRUNC((J96/(J96+K96)*O96),2),0) -> 5171.63 | N96: =IF((J96+K96),TRUNC((K96/(J96+K96)*O96),2),0) -> 5171.63 | O96: =TRUNC(L96*E96,2) -> 10343.26 | P96: =IF(O96<=(Relatório!O85*1.05),"PREÇO VÁLIDO","PREÇO INVÁLIDO") -> PREÇO VÁLIDO
A97: PRÓPRIA 12/23 | B97: CPU98452 | C97: COMP.1453 PróprioLAJE PRÉ-MOLDADA TRELIÇADA COM ENCHIMENTO DE EPS H=25 CM, COM ESCORAMENTO, MATERIAL E MÃO DE OBRA - EXCLUSIVE CAPEAMENTO | D97: M2 | E97: 120.79 | F97: =Relatório!F86 -> 139.815 | G97: =Relatório!G86 -> 139.815 | H97: =TRUNC(F97+G97,2) -> 279.63 | I97: =$B$10 -> 20.52 | J97: =F97+(I97/100*F97) -> 168.50504 | K97: =G97+(I97/100*G97) -> 168.50504 | L97: =TRUNC(J97+K97,2) -> 337.01 | M97: =IF((J97+K97),TRUNC((J97/(J97+K97)*O97),2),0) -> 20353.71 | N97: =IF((J97+K97),TRUNC((K97/(J97+K97)*O97),2),0) -> 20353.71 | O97: =TRUNC(L97*E97,2) -> 40707.43 | P97: =IF(O97<=(Relatório!O86*1.05),"PREÇO VÁLIDO","PREÇO INVÁLIDO") -> PREÇO VÁLIDO
A99: 03.01.04 - ESCADAS
A100: Tabela de Origem | B100: Cód. Auxiliar | C100: Descrição do Serviço | D100: Unid. | E100: Quantidade | F100: Custo Unit. Material (R$) | G100: Custo Unit. MO (R$) | H100: Custo Unit. (R$) | I100: BDI(%) | J100: Preço unit MATERIAL (R$) | K100: Preço unit MO (R$) | L100: Preço Unit. (R$) | M100: Preço MATERIAL (R$) | N100: Preço MO(R$) | O100: Preço Total (R$) | P100: Verificação $+5%
A101: SINAPI 05/24 | B101: 101977 | C101: MONTAGEM E DESMONTAGEM DE FÔRMA PARA ESCADAS, COM 2 LANCES EM "U" E LAJE PLANA, EM CHAPA DE MADEIRA COMPENSADA RESINADA, 2 UTILIZAÇÕES. AF_11/2020 | D101: M2 | E101: 66.4 | F101: =Relatório!F90 -> 189.29 | G101: =Relatório!G90 -> 161.66 | H101: =TRUNC(F101+G101,2) -> 350.95 | I101: =$B$10 -> 20.52 | J101: =F101+(I101/100*F101) -> 228.13231 | K101: =G101+(I101/100*G101) -> 194.83263 | L101: =TRUNC(J101+K101,2) -> 422.96 | M101: =IF((J101+K101),TRUNC((J101/(J101+K101)*O101),2),0) -> 15147.8 | N101: =IF((J101+K101),TRUNC((K101/(J101+K101)*O101),2),0) -> 12936.73 | O101: =TRUNC(L101*E101,2) -> 28084.54 | P101: =IF(O101<=(Relatório!O90*1.05),"PREÇO VÁLIDO","PREÇO INVÁLIDO") -> PREÇO VÁLIDO
A102: SINAPI 05/24 | B102: 95945 | C102: ARMAÇÃO DE ESCADA, DE UMA ESTRUTURA CONVENCIONAL DE CONCRETO ARMADO UTILIZANDO AÇO CA-50 DE 8,0 MM - MONTAGEM. AF_11/2020 | D102: KG | E102: 98.1 | F102: =Relatório!F91 -> 10.83 | G102: =Relatório!G91 -> 5.67 | H102: =TRUNC(F102+G102,2) -> 16.5 | I102: =$B$10 -> 20.52 | J102: =F102+(I102/100*F102) -> 13.052316 | K102: =G102+(I102/100*G102) -> 6.833484 | L102: =TRUNC(J102+K102,2) -> 19.88 | M102: =IF((J102+K102),TRUNC((J102/(J102+K102)*O102),2),0) -> 1280.05 | N102: =IF((J102+K102),TRUNC((K102/(J102+K102)*O102),2),0) -> 670.16 | O102: =TRUNC(L102*E102,2) -> 1950.22 | P102: =IF(O102<=(Relatório!O91*1.05),"PREÇO VÁLIDO","PREÇO INVÁLIDO") -> PREÇO VÁLIDO
A103: SINAPI 05/24 | B103: 95946 | C103: ARMAÇÃO DE ESCADA, DE UMA ESTRUTURA CONVENCIONAL DE CONCRETO ARMADO UTILIZANDO AÇO CA-50 DE 10,0 MM - MONTAGEM. AF_11/2020 | D103: KG | E103: 238.4 | F103: =Relatório!F92 -> 9.86 | G103: =Relatório!G92 -> 3.03 | H103: =TRUNC(F103+G103,2) -> 12.89 | I103: =$B$10 -> 20.52 | J103: =F103+(I103/100*F103) -> 11.883272 | K103: =G103+(I103/100*G103) -> 3.651756 | L103: =TRUNC(J103+K103,2) -> 15.53 | M103: =IF((J103+K103),TRUNC((J103/(J103+K103)*O103),2),0) -> 2832.05 | N103: =IF((J103+K103),TRUNC((K103/(J103+K103)*O103),2),0) -> 870.29 | O103: =TRUNC(L103*E103,2) -> 3702.35 | P103: =IF(O103<=(Relatório!O92*1.05),"PREÇO VÁLIDO","PREÇO INVÁLIDO") -> PREÇO VÁLIDO
A104: SINAPI 05/24 | B104: 95947 | C104: ARMAÇÃO DE ESCADA, DE UMA ESTRUTURA CONVENCIONAL DE CONCRETO ARMADO UTILIZANDO AÇO CA-50 DE 12,5 MM - MONTAGEM. AF_11/2020 | D104: KG | E104: 427.9 | F104: =Relatório!F93 -> 8.4 | G104: =Relatório!G93 -> 1.37 | H104: =TRUNC(F104+G104,2) -> 9.77 | I104: =$B$10 -> 20.52 | J104: =F104+(I104/100*F104) -> 10.12368 | K104: =G104+(I104/100*G104) -> 1.651124 | L104: =TRUNC(J104+K104,2) -> 11.77 | M104: =IF((J104+K104),TRUNC((J104/(J104+K104)*O104),2),0) -> 4330.15 | N104: =IF((J104+K104),TRUNC((K104/(J104+K104)*O104),2),0) -> 706.22 | O104: =TRUNC(L104*E104,2) -> 5036.38 | P104: =IF(O104<=(Relatório!O93*1.05),"PREÇO VÁLIDO","PREÇO INVÁLIDO") -> PREÇO VÁLIDO
A105: PRÓPRIA 12/23 | B105: CPU98157 | C105: COMP.1627 PróprioCONCRETAGEM DE ESCADAS, FCK=30 MPA, COM USO DE BOMBA - LANÇAMENTO, ADENSAMENTO E ACABAMENTO. | D105: M3 | E105: 9.2 | F105: =Relatório!F94 -> 398.36 | G105: =Relatório!G94 -> 398.36 | H105: =TRUNC(F105+G105,2) -> 796.72 | I105: =$B$10 -> 20.52 | J105: =F105+(I105/100*F105) -> 480.10347 | K105: =G105+(I105/100*G105) -> 480.10347 | L105: =TRUNC(J105+K105,2) -> 960.2 | M105: =IF((J105+K105),TRUNC((J105/(J105+K105)*O105),2),0) -> 4416.92 | N105: =IF((J105+K105),TRUNC((K105/(J105+K105)*O105),2),0) -> 4416.92 | O105: =TRUNC(L105*E105,2) -> 8833.84 | P105: =IF(O105<=(Relatório!O94*1.05),"PREÇO VÁLIDO","PREÇO INVÁLIDO") -> PREÇO VÁLIDO
A106: PRÓPRIA 12/23 | B106: CPU98450 | C106: COMP.1400 PróprioLAJE PRÉ-MOLDADA TRELIÇADA COM ENCHIMENTO DE EPS H=8 CM COM ESCORAMENTO, MATERIAL E MÃO DE OBRA - EXCLUSIVE CAPEAMENTO | D106: M2 | E106: 19.29 | F106: =Relatório!F95 -> 86.57 | G106: =Relatório!G95 -> 86.57 | H106: =TRUNC(F106+G106,2) -> 173.14 | I106: =$B$10 -> 20.52 | J106: =F106+(I106/100*F106) -> 104.33416 | K106: =G106+(I106/100*G106) -> 104.33416 | L106: =TRUNC(J106+K106,2) -> 208.66 | M106: =IF((J106+K106),TRUNC((J106/(J106+K106)*O106),2),0) -> 2012.52 | N106: =IF((J106+K106),TRUNC((K106/(J106+K106)*O106),2),0) -> 2012.52 | O106: =TRUNC(L106*E106,2) -> 4025.05 | P106: =IF(O106<=(Relatório!O95*1.05),"PREÇO VÁLIDO","PREÇO INVÁLIDO") -> PREÇO VÁLIDO
A107: PRÓPRIA 12/23 | B107: CPU98451 | C107: COMP.1401 PróprioLAJE PRÉ-MOLDADA TRELIÇADA COM ENCHIMENTO DE EPS H=12 CM, COM ESCORAMENTO, MATERIAL E MÃO DE OBRA - EXCLUSIVE CAPEAMENTO | D107: M2 | E107: 19.9 | F107: =Relatório!F96 -> 98.8 | G107: =Relatório!G96 -> 98.8 | H107: =TRUNC(F107+G107,2) -> 197.6 | I107: =$B$10 -> 20.52 | J107: =F107+(I107/100*F107) -> 119.07376 | K107: =G107+(I107/100*G107) -> 119.07376 | L107: =TRUNC(J107+K107,2) -> 238.14 | M107: =IF((J107+K107),TRUNC((J107/(J107+K107)*O107),2),0) -> 2369.49 | N107: =IF((J107+K107),TRUNC((K107/(J107+K107)*O107),2),0) -> 2369.49 | O107: =TRUNC(L107*E107,2) -> 4738.98 | P107: =IF(O107<=(Relatório!O96*1.05),"PREÇO VÁLIDO","PREÇO INVÁLIDO") -> PREÇO VÁLIDO
A109: 03.02 - COBERTURA (TETO SUPERIOR)
A110: 03.02.01 - PILARES
A111: Tabela de Origem | B111: Cód. Auxiliar | C111: Descrição do Serviço | D111: Unid. | E111: Quantidade | F111: Custo Unit. Material (R$) | G111: Custo Unit. MO (R$) | H111: Custo Unit. (R$) | I111: BDI(%) | J111: Preço unit MATERIAL (R$) | K111: Preço unit MO (R$) | L111: Preço Unit. (R$) | M111: Preço MATERIAL (R$) | N111: Preço MO(R$) | O111: Preço Total (R$) | P111: Verificação $+5%
A112: SINAPI 05/24 | B112: 92413 | C112: MONTAGEM E DESMONTAGEM DE FÔRMA DE PILARES RETANGULARES E ESTRUTURAS SIMILARES, PÉ-DIREITO SIMPLES, EM MADEIRA SERRADA, 4 UTILIZAÇÕES. AF_09/2020 | D112: M2 | E112: 161.6 | F112: =Relatório!F101 -> 41.94 | G112: =Relatório!G101 -> 69.34 | H112: =TRUNC(F112+G112,2) -> 111.28 | I112: =$B$10 -> 20.52 | J112: =F112+(I112/100*F112) -> 50.546088 | K112: =G112+(I112/100*G112) -> 83.568568 | L112: =TRUNC(J112+K112,2) -> 134.11 | M112: =IF((J112+K112),TRUNC((J112/(J112+K112)*O112),2),0) -> 8167.96 | N112: =IF((J112+K112),TRUNC((K112/(J112+K112)*O112),2),0) -> 13504.2 | O112: =TRUNC(L112*E112,2) -> 21672.17 | P112: =IF(O112<=(Relatório!O101*1.05),"PREÇO VÁLIDO","PREÇO INVÁLIDO") -> PREÇO VÁLIDO
A113: SINAPI 05/24 | B113: 92759 | C113: ARMAÇÃO DE PILAR OU VIGA DE ESTRUTURA CONVENCIONAL DE CONCRETO ARMADO UTILIZANDO AÇO CA-60 DE 5,0 MM - MONTAGEM. AF_06/2022 | D113: KG | E113: 212.4 | F113: =Relatório!F102 -> 9.54 | G113: =Relatório!G102 -> 4.9 | H113: =TRUNC(F113+G113,2) -> 14.44 | I113: =$B$10 -> 20.52 | J113: =F113+(I113/100*F113) -> 11.497608 | K113: =G113+(I113/100*G113) -> 5.90548 | L113: =TRUNC(J113+K113,2) -> 17.4 | M113: =IF((J113+K113),TRUNC((J113/(J113+K113)*O113),2),0) -> 2441.65 | N113: =IF((J113+K113),TRUNC((K113/(J113+K113)*O113),2),0) -> 1254.1 | O113: =TRUNC(L113*E113,2) -> 3695.76 | P113: =IF(O113<=(Relatório!O102*1.05),"PREÇO VÁLIDO","PREÇO INVÁLIDO") -> PREÇO VÁLIDO
A114: SINAPI 05/24 | B114: 92762 | C114: ARMAÇÃO DE PILAR OU VIGA DE ESTRUTURA CONVENCIONAL DE CONCRETO ARMADO UTILIZANDO AÇO CA-50 DE 10,0 MM - MONTAGEM. AF_06/2022 | D114: KG | E114: 263.2 | F114: =Relatório!F103 -> 9.62 | G114: =Relatório!G103 -> 1.4 | H114: =TRUNC(F114+G114,2) -> 11.02 | I114: =$B$10 -> 20.52 | J114: =F114+(I114/100*F114) -> 11.594024 | K114: =G114+(I114/100*G114) -> 1.68728 | L114: =TRUNC(J114+K114,2) -> 13.28 | M114: =IF((J114+K114),TRUNC((J114/(J114+K114)*O114),2),0) -> 3051.24 | N114: =IF((J114+K114),TRUNC((K114/(J114+K114)*O114),2),0) -> 444.04 | O114: =TRUNC(L114*E114,2) -> 3495.29 | P114: =IF(O114<=(Relatório!O103*1.05),"PREÇO VÁLIDO","PREÇO INVÁLIDO") -> PREÇO VÁLIDO
...

Sheet Relatório
A2: 01 - Serviços Iniciais
A3: Tabela de Origem | B3: Cód. Auxiliar | C3: Descrição do Serviço | D3: Unid. | E3: Quantidade | F3: Custo Unit. Material (R$) | G3: Custo Unit. MO (R$) | H3: Custo Unit. (R$) | I3: BDI(%) | J3: Preço unit MATERIAL (R$) | K3: Preço unit MO (R$) | L3: Preço Unit. (R$) | M3: Preço MATERIAL (R$) | N3: Preço MO(R$) | O3: Preço Total (R$)
A4: SINAPI 05/24 | B4: 98459 | C4: TAPUME COM TELHA METÁLICA. AF_03/2024 | D4: M2 | E4: 57.26 | F4: 58.04 | G4: 31.11 | H4: 89.15 | I4: 20.52 | L4: 107.44 | O4: 6152.01
A5: SINAPI 05/24 | B5: 99059 | C5: LOCAÇÃO CONVENCIONAL DE OBRA, UTILIZANDO GABARITO DE TÁBUAS CORRIDAS PONTALETADAS A CADA 2,00M - 2 UTILIZAÇÕES. AF_03/2024 | D5: M | E5: 89.9 | F5: 54.85 | G5: 35.37 | H5: 90.22 | I5: 20.52 | L5: 108.73 | O5: 9774.82
A7: Total do Grupo**: | O7: =SUM(O4:O5) -> 15926.83
A9: 02 - Infraestrutura
A10: 02.01 - FUNDAÇÕES
A11: Tabela de Origem | B11: Cód. Auxiliar | C11: Descrição do Serviço | D11: Unid. | E11: Quantidade | F11: Custo Unit. Material (R$) | G11: Custo Unit. MO (R$) | H11: Custo Unit. (R$) | I11: BDI(%) | J11: Preço unit MATERIAL (R$) | K11: Preço unit MO (R$) | L11: Preço Unit. (R$) | M11: Preço MATERIAL (R$) | N11: Preço MO(R$) | O11: Preço Total (R$)
A12: SINAPI 05/24 | B12: 104920 | C12: ARMAÇÃO DE BLOCO, SAPATA ISOLADA, VIGA BALDRAME E SAPATA CORRIDA UTILIZANDO AÇO CA-50 DE 12,5 MM - MONTAGEM. AF_01/2024 | D12: KG | E12: 269.2 | F12: 8.57 | G12: 2.32 | H12: 10.89 | I12: 20.52 | L12: 13.12 | O12: 3531.9
A13: SINAPI 05/24 | B13: 104921 | C13: ARMAÇÃO DE BLOCO, SAPATA ISOLADA, VIGA BALDRAME E SAPATA CORRIDA UTILIZANDO AÇO CA-50 DE 16 MM - MONTAGEM. AF_01/2024 | D13: KG | E13: 211.9 | F13: 8.47 | G13: 1.72 | H13: 10.19 | I13: 20.52 | L13: 12.28 | O13: 2602.13
A14: SINAPI 05/24 | B14: 96557 | C14: CONCRETAGEM DE BLOCO DE COROAMENTO OU VIGA BALDRAME, FCK 30 MPA, COM USO DE BOMBA - LANÇAMENTO, ADENSAMENTO E ACABAMENTO. AF_01/2024 | D14: M3 | E14: 16 | F14: 759.46 | G14: 18.25 | H14: 777.71 | I14: 20.52 | L14: 937.29 | O14: 14996.64
A15: SINAPI 05/24 | B15: 96521 | C15: ESCAVAÇÃO MECANIZADA PARA BLOCO DE COROAMENTO OU SAPATA COM RETROESCAVADEIRA (INCLUINDO ESCAVAÇÃO PARA COLOCAÇÃO DE FÔRMAS). AF_01/2024 | D15: M3 | E15: 72.2 | F15: 28.01 | G15: 14.13 | H15: 42.14 | I15: 20.52 | L15: 50.78 | O15: 3666.31
A16: SINAPI 05/24 | B16: 97083 | C16: COMPACTAÇÃO MECÂNICA DE SOLO PARA EXECUÇÃO DE RADIER, PISO DE CONCRETO OU LAJE SOBRE SOLO, COM COMPACTADOR DE SOLOS A PERCUSSÃO. AF_09/2021 | D16: M2 | E16: 44.1 | F16: 0.65 | G16: 2.91 | H16: 3.56 | I16: 20.52 | L16: 4.29 | O16: 189.18
A17: SINAPI 05/24 | B17: 96617 | C17: LASTRO DE CONCRETO MAGRO, APLICADO EM BLOCOS DE COROAMENTO OU SAPATAS, ESPESSURA DE 3 CM. AF_01/2024 | D17: M2 | E17: 31.07 | F17: 13.41 | G17: 8.46 | H17: 21.87 | I17: 20.52 | L17: 26.35 | O17: 818.69
A18: SINAPI 05/24 | B18: 100978 | C18: CARGA, MANOBRA E DESCARGA DE SOLOS E MATERIAIS GRANULARES EM CAMINHÃO BASCULANTE 10 M³ - CARGA COM ESCAVADEIRA HIDRÁULICA (CAÇAMBA DE 1,20 M³ / 155 HP) E DESCARGA LIVRE (UNIDADE: M3). AF_07/2020 | D18: M3 | E18: 29.4 | F18: 5.85 | G18: 1.22 | H18: 7.07 | I18: 20.52 | L18: 8.52 | O18: 250.48
A19: SINAPI 05/24 | B19: 95875 | C19: TRANSPORTE COM CAMINHÃO BASCULANTE DE 10 M³, EM VIA URBANA PAVIMENTADA, DMT ATÉ 30 KM (UNIDADE: M3XKM). AF_07/2020 | D19: M3KM | E19: 882 | F19: 2.1 | G19: 0.37 | H19: 2.47 | I19: 20.52 | L19: 2.97 | O19: 2619.54
A20: SINAPI 05/24 | B20: 93382 | C20: REATERRO MANUAL DE VALAS, COM COMPACTADOR DE SOLOS DE PERCUSSÃO. AF_08/2023 | D20: M3 | E20: 59.99 | F20: 6.77 | G20: 20.49 | H20: 27.26 | I20: 20.52 | L20: 32.85 | O20: 1970.67
A21: SINAPI 05/24 | B21: 95601 | C21: ARRASAMENTO MECANICO DE ESTACA DE CONCRETO ARMADO, DIAMETROS DE ATÉ 40 CM. AF_05/2021 | D21: UN | E21: 43 | F21: 2.97 | G21: 14.56 | H21: 17.53 | I21: 20.52 | L21: 21.12 | O21: 908.16
A22: SINAPI 05/24 | B22: 96543 | C22: ARMAÇÃO DE BLOCO UTILIZANDO AÇO CA-60 DE 5 MM - MONTAGEM. AF_01/2024 | D22: KG | E22: 69.8 | F22: 10.44 | G22: 10.36 | H22: 20.8 | I22: 20.52 | L22: 25.06 | O22: 1749.18
A23: SINAPI 05/24 | B23: 96544 | C23: ARMAÇÃO DE BLOCO UTILIZANDO AÇO CA-50 DE 6,3 MM - MONTAGEM. AF_01/2024 | D23: KG | E23: 42.3 | F23: 10.83 | G23: 7.63 | H23: 18.46 | I23: 20.52 | L23: 22.24 | O23: 940.75
... A25: SINAPI 05/24 | B25: 96546 | C25: ARMAÇÃO DE BLOCO UTILIZANDO AÇO CA-50 DE 10 MM - MONTAGEM. AF_01/2024 | D25: KG | E25: 241.5 | F25: 10.06 | G25: 4.21 | H25: 14.27 | I25: 20.52 | L25: 17.19 | O25: 4151.38
A26: PRÓPRIA 12/23 | B26: CPU98858 | C26: COMP.1657 PróprioESTACA HÉLICE CONTÍNUA, DIÂMETRO DE 30 CM, INCLUSO CONCRETO FCK=30MPA COM BOMBEAMENTO E ARMADURA MÍNIMA (EXCLUSIVE MOBILIZAÇÃO E DESMOBILIZAÇÃO). | D26: M | E26: 559 | F26: =H26-G26 -> 59.685 | G26: =H26/2 -> 59.685 | H26: 119.37 | I26: 20.52 | L26: 143.86 | O26: 80417.74
A27: PRÓPRIA 12/23 | B27: CPU98427 | C27: COMP.1628 PróprioARMAÇÃO DE BLOCO, VIGA BALDRAME E SAPATA UTILIZANDO AÇO CA-60 DE 4.2 MM - MONTAGEM. | D27: KG | E27: 14.4 | F27: =H27-G27 -> 9.8 | G27: =H27/2 -> 9.8 | H27: 19.6 | I27: 20.52 | L27: 23.62 | O27: 340.12
A28: PRÓPRIA 12/23 | B28: CPU98135 | C28: COMP.1655 PróprioMOBILIZAÇÃO E DESMOBILIZAÇÃO DE EQUIPAMENTOS PARA ESTACA HÉLICE CONTÍNUA | D28: UN | E28: 1 | F28: =H28-G28 -> 7564.84 | G28: =H28/2 -> 7564.84 | H28: 15129.68 | I28: 20.52 | L28: 18234.29 | O28: 18234.29
A29: SINAPI 05/24 | B29: 96534 | C29: FABRICAÇÃO, MONTAGEM E DESMONTAGEM DE FÔRMA PARA BLOCO DE COROAMENTO, EM MADEIRA SERRADA, E=25 MM, 4 UTILIZAÇÕES. AF_01/2024 | D29: M2 | E29: 93.6 | F29: 34.57 | G29: 48.9 | H29: 83.47 | I29: 20.52 | L29: 100.59 | O29: 9415.22
A30: SINAPI 05/24 | B30: 95579 | C30: MONTAGEM DE ARMADURA DE ESTACAS, DIÂMETRO = 16,0 MM. AF_09/2021_PS | D30: KG | E30: 2646.9 | F30: 8.1 | G30: 0.37 | H30: 8.47 | I30: 20.52 | L30: 10.2 | O30: 26998.38
A31: SINAPI 05/24 | B31: 95584 | C31: MONTAGEM DE ARMADURA TRANSVERSAL DE ESTACAS DE SEÇÃO CIRCULAR, DIÂMETRO = 6,30 MM. AF_09/2021_PS | D31: KG | E31: 240.3 | F31: 10.12 | G31: 4.1 | H31: 14.22 | I31: 20.52 | L31: 17.13 | O31: 4116.33
A33: 02.02 - BALDRAMES
A34: Tabela de Origem | B34: Cód. Auxiliar | C34: Descrição do Serviço | D34: Unid. | E34: Quantidade | F34: Custo Unit. Material (R$) | G34: Custo Unit. MO (R$) | H34: Custo Unit. (R$) | I34: BDI(%) | J34: Preço unit MATERIAL (R$) | K34: Preço unit MO (R$) | L34: Preço Unit. (R$) | M34: Preço MATERIAL (R$) | N34: Preço MO(R$) | O34: Preço Total (R$)
A35: SINAPI 05/24 | B35: 104916 | C35: ARMAÇÃO DE SAPATA ISOLADA, VIGA BALDRAME E SAPATA CORRIDA UTILIZANDO AÇO CA-60 DE 5 MM - MONTAGEM. AF_01/2024 | D35: KG | E35: 198.9 | F35: 9.89 | G35: 7.42 | H35: 17.31 | I35: 20.52 | L35: 20.86 | O35: 4149.05
A36: SINAPI 05/24 | B36: 104917 | C36: ARMAÇÃO DE SAPATA ISOLADA, VIGA BALDRAME E SAPATA CORRIDA UTILIZANDO AÇO CA-50 DE 6,3 MM - MONTAGEM. AF_01/2024 | D36: KG | E36: 198.4 | F36: 10.42 | G36: 5.4 | H36: 15.82 | I36: 20.52 | L36: 19.06 | O36: 3781.5
A37: SINAPI 05/24 | B37: 104918 | C37: ARMAÇÃO DE SAPATA ISOLADA, VIGA BALDRAME E SAPATA CORRIDA UTILIZANDO AÇO CA-50 DE 8 MM - MONTAGEM. AF_01/2024 | D37: KG | E37: 78.4 | F37: 10.56 | G37: 3.95 | H37: 14.51 | I37: 20.52 | L37: 17.48 | O37: 1370.43
A38: SINAPI 05/24 | B38: 104919 | C38: ARMAÇÃO DE SAPATA ISOLADA, VIGA BALDRAME E SAPATA CORRIDA UTILIZANDO AÇO CA-50 DE 10 MM - MONTAGEM. AF_01/2024 | D38: KG | E38: 154.6 | F38: 9.87 | G38: 3 | H38: 12.87 | I38: 20.52 | L38: 15.51 | O38: 2397.84
A39: SINAPI 05/24 | B39: 104920 | C39: ARMAÇÃO DE BLOCO, SAPATA ISOLADA, VIGA BALDRAME E SAPATA CORRIDA UTILIZANDO AÇO CA-50 DE 12,5 MM - MONTAGEM. AF_01/2024 | D39: KG | E39: 473.3 | F39: 8.57 | G39: 2.32 | H39: 10.89 | I39: 20.52 | L39: 13.12 | O39: 6209.69
A40: SINAPI 05/24 | B40: 104921 | C40: ARMAÇÃO DE BLOCO, SAPATA ISOLADA, VIGA BALDRAME E SAPATA CORRIDA UTILIZANDO AÇO CA-50 DE 16 MM - MONTAGEM. AF_01/2024 | D40: KG | E40: 469.2 | F40: 8.47 | G40: 1.72 | H40: 10.19 | I40: 20.52 | L40: 12.28 | O40: 5761.77
A41: SINAPI 05/24 | B41: 96536 | C41: FABRICAÇÃO, MONTAGEM E DESMONTAGEM DE FÔRMA PARA VIGA BALDRAME, EM MADEIRA SERRADA, E=25 MM, 4 UTILIZAÇÕES. AF_01/2024 | D41: M2 | E41: 208.5 | F41: 31.87 | G41: 40.42 | H41: 72.29 | I41: 20.52 | L41: 87.12 | O41: 18164.52
A42: SINAPI 05/24 | B42: 96557 | C42: CONCRETAGEM DE BLOCO DE COROAMENTO OU VIGA BALDRAME, FCK 30 MPA, COM USO DE BOMBA - LANÇAMENTO, ADENSAMENTO E ACABAMENTO. AF_01/2024 | D42: M3 | E42: 17 | F42: 759.46 | G42: 18.25 | H42: 777.71 | I42: 20.52 | L42: 937.29 | O42: 15933.93
A44: 02.03 - LAJES
A45: Tabela de Origem | B45: Cód. Auxiliar | C45: Descrição do Serviço | D45: Unid. | E45: Quantidade | F45: Custo Unit. Material (R$) | G45: Custo Unit. MO (R$) | H45: Custo Unit. (R$) | I45: BDI(%) | J45: Preço unit MATERIAL (R$) | K45: Preço unit MO (R$) | L45: Preço Unit. (R$) | M45: Preço MATERIAL (R$) | N45: Preço MO(R$) | O45: Preço Total (R$)
A46: SINAPI 05/24 | B46: 92767 | C46: ARMAÇÃO DE LAJE DE ESTRUTURA CONVENCIONAL DE CONCRETO ARMADO UTILIZANDO AÇO CA-60 DE 4,2 MM - MONTAGEM. AF_06/2022 | D46: KG | E46: 339.7 | F46: 10.02 | G46: 5.91 | H46: 15.93 | I46: 20.52 | L46: 19.19 | O46: 6518.84
A47: SINAPI 05/24 | B47: 92769 | C47: ARMAÇÃO DE LAJE DE ESTRUTURA CONVENCIONAL DE CONCRETO ARMADO UTILIZANDO AÇO CA-50 DE 6,3 MM - MONTAGEM. AF_06/2022 | D47: KG | E47: 41.2 | F47: 10.1 | G47: 2.7 | H47: 12.8 | I47: 20.52 | L47: 15.42 | O47: 635.3
A48: SINAPI 05/24 | B48: 92770 | C48: ARMAÇÃO DE LAJE DE ESTRUTURA CONVENCIONAL DE CONCRETO ARMADO UTILIZANDO AÇO CA-50 DE 8,0 MM - MONTAGEM. AF_06/2022 | D48: KG | E48: 35.6 | F48: 10.22 | G48: 1.67 | H48: 11.89 | I48: 20.52 | L48: 14.32 | O48: 509.79
A49: SINAPI 05/24 | B49: 92771 | C49: ARMAÇÃO DE LAJE DE ESTRUTURA CONVENCIONAL DE CONCRETO ARMADO UTILIZANDO AÇO CA-50 DE 10,0 MM - MONTAGEM. AF_06/2022 | D49: KG | E49: 81.6 | F49: 9.54 | G49: 1 | H49: 10.54 | I49: 20.52 | L49: 12.7 | O49: 1036.32
A50: PRÓPRIA 12/23 | B50: CPU98154 | C50: COMP.494 PróprioCONCRETAGEM DE VIGAS E LAJES, FCK=30 MPA, PARA LAJES MACIÇAS OU NERVURADAS, LANÇAMENTO, ADENSAMENTO E ACABAMENTO. AF_12/2015 | D50: M3 | E50: 26.3 | F50: =H50-G50 -> 356.36 | G50: =H50/2 -> 356.36 | H50: 712.72 | I50: 20.52 | L50: 858.97 | O50: 22590.91
A51: PRÓPRIA 12/23 | B51: CPU98450 | C51: COMP.1400 PróprioLAJE PRÉ-MOLDADA TRELIÇADA COM ENCHIMENTO DE EPS H=8 CM COM ESCORAMENTO, MATERIAL E MÃO DE OBRA - EXCLUSIVE CAPEAMENTO | D51: M2 | E51: 126.65 | F51: =H51-G51 -> 86.57 | G51: =H51/2 -> 86.57 | H51: 173.14 | I51: 20.52 | L51: 208.66 | O51: 26426.78
A52: PRÓPRIA 12/23 | B52: CPU98452 | C52: COMP.1453 PróprioLAJE PRÉ-MOLDADA TRELIÇADA COM ENCHIMENTO DE EPS H=25 CM, COM ESCORAMENTO, MATERIAL E MÃO DE OBRA - EXCLUSIVE CAPEAMENTO | D52: M2 | E52: 120.67 | F52: =H52-G52 -> 139.815 | G52: =H52/2 -> 139.815 | H52: 279.63 | I52: 20.52 | L52: 337.01 | O52: 40666.99
A53: PRÓPRIA 02/24 | B53: CPU101799 | C53: COMP.1402 - LAJE PRÉ-MOLDADA TRELIÇADA COM ENCHIMENTO DE EPS H=16 CM, COM ESCORAMENTO, MATERIAL E MÃO DE OBRA - EXCLUSIVE CAPEAMENTO | D53: M2 | E53: 35.83 | F53: =H53-G53 -> 118.18 | G53: =H53/2 -> 118.18 | H53: 236.36 | I53: 20.52 | L53: 284.86 | O53: 10206.53
A55: Total do Grupo**: | O55: =SUM(O12:O53) -> 351896.2
A57: 03 - Supraestrutura
A58: 03.01 - SUPERIOR (TETO TÉRREO)
A59: 03.01.01 - PILARES
A60: Tabela de Origem | B60: Cód. Auxiliar | C60: Descrição do Serviço | D60: Unid. | E60: Quantidade | F60: Custo Unit. Material (R$) | G60: Custo Unit. MO (R$) | H60: Custo Unit. (R$) | I60: BDI(%) | J60: Preço unit MATERIAL (R$) | K60: Preço unit MO (R$) | L60: Preço Unit. (R$) | M60: Preço MATERIAL (R$) | N60: Preço MO(R$) | O60: Preço Total (R$)
A61: SINAPI 05/24 | B61: 92413 | C61: MONTAGEM E DESMONTAGEM DE FÔRMA DE PILARES RETANGULARES E ESTRUTURAS SIMILARES, PÉ-DIREITO SIMPLES, EM MADEIRA SERRADA, 4 UTILIZAÇÕES. AF_09/2020 | D61: M2 | E61: 99 | F61: 41.94 | G61: 69.34 | H61: 111.28 | I61: 20.52 | L61: 134.11 | O61: 13276.89
A62: SINAPI 05/24 | B62: 92759 | C62: ARMAÇÃO DE PILAR OU VIGA DE ESTRUTURA CONVENCIONAL DE CONCRETO ARMADO UTILIZANDO AÇO CA-60 DE 5,0 MM - MONTAGEM. AF_06/2022 | D62: KG | E62: 136.2 | F62: 9.54 | G62: 4.9 | H62: 14.44 | I62: 20.52 | L62: 17.4 | O62: 2369.88
A63: SINAPI 05/24 | B63: 92762 | C63: ARMAÇÃO DE PILAR OU VIGA DE ESTRUTURA CONVENCIONAL DE CONCRETO ARMADO UTILIZANDO AÇO CA-50 DE 10,0 MM - MONTAGEM. AF_06/2022 | D63: KG | E63: 67.1 | F63: 9.62 | G63: 1.4 | H63: 11.02 | I63: 20.52 | L63: 13.28 | O63: 891.08
A64: SINAPI 05/24 | B64: 92763 | C64: ARMAÇÃO DE PILAR OU VIGA DE ESTRUTURA CONVENCIONAL DE CONCRETO ARMADO UTILIZANDO AÇO CA-50 DE 12,5 MM - MONTAGEM. AF_06/2022 | D64: KG | E64: 561.3 | F64: 8.35 | G64: 0.88 | H64: 9.23 | I64: 20.52 | L64: 11.12 | O64: 6241.65
A65: PRÓPRIA 12/23 | B65: CPU98150 | C65: COMP.493 PróprioCONCRETAGEM DE PILARES, FCK = 30 MPA, COM USO DE BOMBA EM EDIFICAÇÃO COM SEÇÃO MÉDIA DE PILARES MENOR OU IGUAL A 0,25 M² - LANÇAMENTO, ADENSAMENTO E ACABAMENTO. AF_12/2015 | D65: M3 | E65: 6.2 | F65: =H65-G65 -> 358.575 | G65: =H65/2 -> 358.575 | H65: 717.15 | I65: 20.52 | L65: 864.3 | O65: 5358.66
A67: 03.01.02 - VIGAS
A68: Tabela de Origem | B68: Cód. Auxiliar | C68: Descrição do Serviço | D68: Unid. | E68: Quantidade | F68: Custo Unit. Material (R$) | G68: Custo Unit. MO (R$) | H68: Custo Unit. (R$) | I68: BDI(%) | J68: Preço unit MATERIAL (R$) | K68: Preço unit MO (R$) | L68: Preço Unit. (R$) | M68: Preço MATERIAL (R$) | N68: Preço MO(R$) | O68: Preço Total (R$)
A69: PRÓPRIA 12/23 | B69: CPU98154 | C69: COMP.494 PróprioCONCRETAGEM DE VIGAS E LAJES, FCK=30 MPA, PARA LAJES MACIÇAS OU NERVURADAS, LANÇAMENTO, ADENSAMENTO E ACABAMENTO. AF_12/2015 | D69: M3 | E69: 10.8 | F69: =H69-G69 -> 356.36 | G69: =H69/2 -> 356.36 | H69: 712.72 | I69: 20.52 | L69: 858.97 | O69: 9276.87
A70: SINAPI 05/24 | B70: 92448 | C70: MONTAGEM E DESMONTAGEM DE FÔRMA DE VIGA, ESCORAMENTO COM PONTALETE DE MADEIRA, PÉ-DIREITO SIMPLES, EM MADEIRA SERRADA, 4 UTILIZAÇÕES. AF_09/2020 | D70: M2 | E70: 135.9 | F70: 181.44 | G70: 71.96 | H70: 253.4 | I70: 20.52 | L70: 305.39 | O70: 41502.5
A71: SINAPI 05/24 | B71: 92759 | C71: ARMAÇÃO DE PILAR OU VIGA DE ESTRUTURA CONVENCIONAL DE CONCRETO ARMADO UTILIZANDO AÇO CA-60 DE 5,0 MM - MONTAGEM. AF_06/2022 | D71: KG | E71: 135.4 | F71: 9.54 | G71: 4.9 | H71: 14.44 | I71: 20.52 | L71: 17.4 | O71: 2355.96
A72: SINAPI 05/24 | B72: 92760 | C72: ARMAÇÃO DE PILAR OU VIGA DE ESTRUTURA CONVENCIONAL DE CONCRETO ARMADO UTILIZANDO AÇO CA-50 DE 6,3 MM - MONTAGEM. AF_06/2022 | D72: KG | E72: 41.2 | F72: 10.13 | G72: 3.27 | H72: 13.4 | I72: 20.52 | L72: 16.14 | O72: 664.96
A73: SINAPI 05/24 | B73: 92761 | C73: ARMAÇÃO DE PILAR OU VIGA DE ESTRUTURA CONVENCIONAL DE CONCRETO ARMADO UTILIZANDO AÇO CA-50 DE 8,0 MM - MONTAGEM. AF_06/2022 | D73: KG | E73: 15 | F73: 10.3 | G73: 2.13 | H73: 12.43 | I73: 20.52 | L73: 14.98 | O73: 224.7
A74: SINAPI 05/24 | B74: 92762 | C74: ARMAÇÃO DE PILAR OU VIGA DE ESTRUTURA CONVENCIONAL DE CONCRETO ARMADO UTILIZANDO AÇO CA-50 DE 10,0 MM - MONTAGEM. AF_06/2022 | D74: KG | E74: 45.1 | F74: 9.62 | G74: 1.4 | H74: 11.02 | I74: 20.52 | L74: 13.28 | O74: 598.92
A75: SINAPI 05/24 | B75: 92763 | C75: ARMAÇÃO DE PILAR OU VIGA DE ESTRUTURA CONVENCIONAL DE CONCRETO ARMADO UTILIZANDO AÇO CA-50 DE 12,5 MM - MONTAGEM. AF_06/2022 | D75: KG | E75: 509.5 | F75: 8.35 | G75: 0.88 | H75: 9.23 | I75: 20.52 | L75: 11.12 | O75: 5665.64
A76: SINAPI 05/24 | B76: 92764 | C76: ARMAÇÃO DE PILAR OU VIGA DE ESTRUTURA CONVENCIONAL DE CONCRETO ARMADO UTILIZANDO AÇO CA-50 DE 16,0 MM - MONTAGEM. AF_06/2022 | D76: KG | E76: 403.7 | F76: 8.28 | G76: 0.62 | H76: 8.9 | I76: 20.52 | L76: 10.72 | O76: 4327.66
A78: 03.01.03 - LAJES
A79: Tabela de Origem | B79: Cód. Auxiliar | C79: Descrição do Serviço | D79: Unid. | E79: Quantidade | F79: Custo Unit. Material (R$) | G79: Custo Unit. MO (R$) | H79: Custo Unit. (R$) | I79: BDI(%) | J79: Preço unit MATERIAL (R$) | K79: Preço unit MO (R$) | L79: Preço Unit. (R$) | M79: Preço MATERIAL (R$) | N79: Preço MO(R$) | O79: Preço Total (R$)
A80: SINAPI 05/24 | B80: 92767 | C80: ARMAÇÃO DE LAJE DE ESTRUTURA CONVENCIONAL DE CONCRETO ARMADO UTILIZANDO AÇO CA-60 DE 4,2 MM - MONTAGEM. AF_06/2022 | D80: KG | E80: 223.9 | F80: 10.02 | G80: 5.91 | H80: 15.93 | I80: 20.52 | L80: 19.19 | O80: 4296.64
A81: SINAPI 05/24 | B81: 92770 | C81: ARMAÇÃO DE LAJE DE ESTRUTURA CONVENCIONAL DE CONCRETO ARMADO UTILIZANDO AÇO CA-50 DE 8,0 MM - MONTAGEM. AF_06/2022 | D81: KG | E81: 102.8 | F81: 10.22 | G81: 1.67 | H81: 11.89 | I81: 20.52 | L81: 14.32 | O81: 1472.09
A82: SINAPI 05/24 | B82: 92771 | C82: ARMAÇÃO DE LAJE DE ESTRUTURA CONVENCIONAL DE CONCRETO ARMADO UTILIZANDO AÇO CA-50 DE 10,0 MM - MONTAGEM. AF_06/2022 | D82: KG | E82: 81.7 | F82: 9.54 | G82: 1 | H82: 10.54 | I82: 20.52 | L82: 12.7 | O82: 1037.59
A83: PRÓPRIA 12/23 | B83: CPU98150 | C83: COMP.493 PróprioCONCRETAGEM DE PILARES, FCK = 30 MPA, COM USO DE BOMBA EM EDIFICAÇÃO COM SEÇÃO MÉDIA DE PILARES MENOR OU IGUAL A 0,25 M² - LANÇAMENTO, ADENSAMENTO E ACABAMENTO. AF_12/2015 | D83: M3 | E83: 20.4 | F83: =H83-G83 -> 358.575 | G83: =H83/2 -> 358.575 | H83: 717.15 | I83: 20.52 | L83: 864.3 | O83: 17631.72
A84: PRÓPRIA 12/23 | B84: CPU98450 | C84: COMP.1400 PróprioLAJE PRÉ-MOLDADA TRELIÇADA COM ENCHIMENTO DE EPS H=8 CM COM ESCORAMENTO, MATERIAL E MÃO DE OBRA - EXCLUSIVE CAPEAMENTO | D84: M2 | E84: 53.87 | F84: =H84-G84 -> 86.57 | G84: =H84/2 -> 86.57 | H84: 173.14 | I84: 20.52 | L84: 208.66 | O84: 11240.51
A85: PRÓPRIA 02/24 | B85: CPU101799 | C85: COMP.1402 - LAJE PRÉ-MOLDADA TRELIÇADA COM ENCHIMENTO DE EPS H=16 CM, COM ESCORAMENTO, MATERIAL E MÃO DE OBRA - EXCLUSIVE CAPEAMENTO | D85: M2 | E85: 36.31 | F85: =H85-G85 -> 118.18 | G85: =H85/2 -> 118.18 | H85: 236.36 | I85: 20.52 | L85: 284.86 | O85: 10343.26
A86: PRÓPRIA 12/23 | B86: CPU98452 | C86: COMP.1453 PróprioLAJE PRÉ-MOLDADA TRELIÇADA COM ENCHIMENTO DE EPS H=25 CM, COM ESCORAMENTO, MATERIAL E MÃO DE OBRA - EXCLUSIVE CAPEAMENTO | D86: M2 | E86: 120.79 | F86: =H86-G86 -> 139.815 | G86: =H86/2 -> 139.815 | H86: 279.63 | I86: 20.52 | L86: 337.01 | O86: 40707.43
A88: 03.01.04 - ESCADAS
A89: Tabela de Origem | B89: Cód. Auxiliar | C89: Descrição do Serviço | D89: Unid. | E89: Quantidade | F89: Custo Unit. Material (R$) | G89: Custo Unit. MO (R$) | H89: Custo Unit. (R$) | I89: BDI(%) | J89: Preço unit MATERIAL (R$) | K89: Preço unit MO (R$) | L89: Preço Unit. (R$) | M89: Preço MATERIAL (R$) | N89: Preço MO(R$) | O89: Preço Total (R$)
A90: SINAPI 05/24 | B90: 101977 | C90: MONTAGEM E DESMONTAGEM DE FÔRMA PARA ESCADAS, COM 2 LANCES EM "U" E LAJE PLANA, EM CHAPA DE MADEIRA COMPENSADA RESINADA, 2 UTILIZAÇÕES. AF_11/2020 | D90: M2 | E90: 66.4 | F90: 189.29 | G90: 161.66 | H90: 350.95 | I90: 20.52 | L90: 422.96 | O90: 28084.54
A91: SINAPI 05/24 | B91: 95945 | C91: ARMAÇÃO DE ESCADA, DE UMA ESTRUTURA CONVENCIONAL DE CONCRETO ARMADO UTILIZANDO AÇO CA-50 DE 8,0 MM - MONTAGEM. AF_11/2020 | D91: KG | E91: 98.1 | F91: 10.83 | G91: 5.67 | H91: 16.5 | I91: 20.52 | L91: 19.88 | O91: 1950.22
A92: SINAPI 05/24 | B92: 95946 | C92: ARMAÇÃO DE ESCADA, DE UMA ESTRUTURA CONVENCIONAL DE CONCRETO ARMADO UTILIZANDO AÇO CA-50 DE 10,0 MM - MONTAGEM. AF_11/2020 | D92: KG | E92: 238.4 | F92: 9.86 | G92: 3.03 | H92: 12.89 | I92: 20.52 | L92: 15.53 | O92: 3702.35
A93: SINAPI 05/24 | B93: 95947 | C93: ARMAÇÃO DE ESCADA, DE UMA ESTRUTURA CONVENCIONAL DE CONCRETO ARMADO UTILIZANDO AÇO CA-50 DE 12,5 MM - MONTAGEM. AF_11/2020 | D93: KG | E93: 427.9 | F93: 8.4 | G93: 1.37 | H93: 9.77 | I93: 20.52 | L93: 11.77 | O93: 5036.38
A94: PRÓPRIA 12/23 | B94: CPU98157 | C94: COMP.1627 PróprioCONCRETAGEM DE ESCADAS, FCK=30 MPA, COM USO DE BOMBA - LANÇAMENTO, ADENSAMENTO E ACABAMENTO. | D94: M3 | E94: 9.2 | F94: =H94-G94 -> 398.36 | G94: =H94/2 -> 398.36 | H94: 796.72 | I94: 20.52 | L94: 960.2 | O94: 8833.84
A95: PRÓPRIA 12/23 | B95: CPU98450 | C95: COMP.1400 PróprioLAJE PRÉ-MOLDADA TRELIÇADA COM ENCHIMENTO DE EPS H=8 CM COM ESCORAMENTO, MATERIAL E MÃO DE OBRA - EXCLUSIVE CAPEAMENTO | D95: M2 | E95: 19.29 | F95: =H95-G95 -> 86.57 | G95: =H95/2 -> 86.57 | H95: 173.14 | I95: 20.52 | L95: 208.66 | O95: 4025.05
A96: PRÓPRIA 12/23 | B96: CPU98451 | C96: COMP.1401 PróprioLAJE PRÉ-MOLDADA TRELIÇADA COM ENCHIMENTO DE EPS H=12 CM, COM ESCORAMENTO, MATERIAL E MÃO DE OBRA - EXCLUSIVE CAPEAMENTO | D96: M2 | E96: 19.9 | F96: =H96-G96 -> 98.8 | G96: =H96/2 -> 98.8 | H96: 197.6 | I96: 20.52 | L96: 238.14 | O96: 4738.98
A98: 03.02 - COBERTURA (TETO SUPERIOR)
A99: 03.02.01 - PILARES
A100: Tabela de Origem | B100: Cód. Auxiliar | C100: Descrição do Serviço | D100: Unid. | E100: Quantidade | F100: Custo Unit. Material (R$) | G100: Custo Unit. MO (R$) | H100: Custo Unit. (R$) | I100: BDI(%) | J100: Preço unit MATERIAL (R$) | K100: Preço unit MO (R$) | L100: Preço Unit. (R$) | M100: Preço MATERIAL (R$) | N100: Preço MO(R$) | O100: Preço Total (R$)
A101: SINAPI 05/24 | B101: 92413 | C101: MONTAGEM E DESMONTAGEM DE FÔRMA DE PILARES RETANGULARES E ESTRUTURAS SIMILARES, PÉ-DIREITO SIMPLES, EM MADEIRA SERRADA, 4 UTILIZAÇÕES. AF_09/2020 | D101: M2 | E101: 161.6 | F101: 41.94 | G101: 69.34 | H101: 111.28 | I101: 20.52 | L101: 134.11 | O101: 21672.17
A102: SINAPI 05/24 | B102: 92759 | C102: ARMAÇÃO DE PILAR OU VIGA DE ESTRUTURA CONVENCIONAL DE CONCRETO ARMADO UTILIZANDO AÇO CA-60 DE 5,0 MM - MONTAGEM. AF_06/2022 | D102: KG | E102: 212.4 | F102: 9.54 | G102: 4.9 | H102: 14.44 | I102: 20.52 | L102: 17.4 | O102: 3695.76
A103: SINAPI 05/24 | B103: 92762 | C103: ARMAÇÃO DE PILAR OU VIGA DE ESTRUTURA CONVENCIONAL DE CONCRETO ARMADO UTILIZANDO AÇO CA-50 DE 10,0 MM - MONTAGEM. AF_06/2022 | D103: KG | E103: 263.2 | F103: 9.62 | G103: 1.4 | H103: 11.02 | I103: 20.52 | L103: 13.28 | O103: 3495.29
A104: SINAPI 05/24 | B104: 92763 | C104: ARMAÇÃO DE PILAR OU VIGA DE ESTRUTURA CONVENCIONAL DE CONCRETO ARMADO UTILIZANDO AÇO CA-50 DE 12,5 MM - MONTAGEM. AF_06/2022 | D104: KG | E104: 503.6 | F104: 8.35 | G104: 0.88 | H104: 9.23 | I104: 20.52 | L104: 11.12 | O104: 5600.03
A105: PRÓPRIA 12/23 | B105: CPU98150 | C105: COMP.493 PróprioCONCRETAGEM DE PILARES, FCK = 30 MPA, COM USO DE BOMBA EM EDIFICAÇÃO COM SEÇÃO MÉDIA DE PILARES MENOR OU IGUAL A 0,25 M² - LANÇAMENTO, ADENSAMENTO E ACABAMENTO. AF_12/2015 | D105: M3 | E105: 9.2 | F105: =H105-G105 -> 358.575 | G105: =H105/2 -> 358.575 | H105: 717.15 | I105: 20.52 | L105: 864.3 | O105: 7951.56
A107: 03.02.02 - VIGAS
A108: Tabela de Origem | B108: Cód. Auxiliar | C108: Descrição do Serviço | D108: Unid. | E108: Quantidade | F108: Custo Unit. Material (R$) | G108: Custo Unit. MO (R$) | H108: Custo Unit. (R$) | I108: BDI(%) | J108: Preço unit MATERIAL (R$) | K108: Preço unit MO (R$) | L108: Preço Unit. (R$) | M108: Preço MATERIAL (R$) | N108: Preço MO(R$) | O108: Preço Total (R$)
A109: SINAPI 05/24 | B109: 92448 | C109: MONTAGEM E DESMONTAGEM DE FÔRMA DE VIGA, ESCORAMENTO COM PONTALETE DE MADEIRA, PÉ-DIREITO SIMPLES, EM MADEIRA SERRADA, 4 UTILIZAÇÕES. AF_09/2020 | D109: M2 | E109: 125.3 | F109: 181.44 | G109: 71.96 | H109: 253.4 | I109: 20.52 | L109: 305.39 | O109: 38265.36
A110: SINAPI 05/24 | B110: 92759 | C110: ARMAÇÃO DE PILAR OU VIGA DE ESTRUTURA CONVENCIONAL DE CONCRETO ARMADO UTILIZANDO AÇO CA-60 DE 5,0 MM - MONTAGEM. AF_06/2022 | D110: KG | E110: 137.1 | F110: 9.54 | G110: 4.9 | H110: 14.44 | I110: 20.52 | L110: 17.4 | O110: 2385.54
A111: SINAPI 05/24 | B111: 92760 | C111: ARMAÇÃO DE PILAR OU VIGA DE ESTRUTURA CONVENCIONAL DE CONCRETO ARMADO UTILIZANDO AÇO CA-50 DE 6,3 MM - MONTAGEM. AF_06/2022 | D111: KG | E111: 75.4 | F111: 10.13 | G111: 3.27 | H111: 13.4 | I111: 20.52 | L111: 16.14 | O111: 1216.95
A112: SINAPI 05/24 | B112: 92761 | C112: ARMAÇÃO DE PILAR OU VIGA DE ESTRUTURA CONVENCIONAL DE CONCRETO ARMADO UTILIZANDO AÇO CA-50 DE 8,0 MM - MONTAGEM. AF_06/2022 | D112: KG | E112: 14.8 | F112: 10.3 | G112: 2.13 | H112: 12.43 | I112: 20.52 | L112: 14.98 | O112: 221.7
A113: SINAPI 05/24 | B113: 92762 | C113: ARMAÇÃO DE PILAR OU VIGA DE ESTRUTURA CONVENCIONAL DE CONCRETO ARMADO UTILIZANDO AÇO CA-50 DE 10,0 MM - MONTAGEM. AF_06/2022 | D113: KG | E113: 121.6 | F113: 9.62 | G113: 1.4 | H113: 11.02 | I113: 20.52 | L113: 13.28 | O113: 1614.84
...
